Workbook
Name _16_неделя_2021: #REF!
Name _16_неделя_2021: #REF!
Name ALVPRX: #REF!
Name ALVPRX: #REF!
Name art: #REF!
Name art: #REF!
Name ast: #REF!
Name ast: #REF!
Name astkl: #REF!
Name astsk: #REF!
Name astsklad: #REF!
Name bron: #REF!
Name cher: #REF!
Name cheras: #REF!
Name chercher: #REF!
Name cherhug: #REF!
Name cherp: #REF!
Name cherr: #REF!
Name chertab: #REF!
Name CHUR: #REF!
Name COMPALV: #REF!
Name dost: #REF!
Name Excel_BuiltIn_Print_Area_2: #REF!
Name Excel_BuiltIn_Print_Area_2_1: #REF!
Name Excel_BuiltIn_Print_Area_2_1_1: #REF!
Name fff: #REF!
Name ffive: #REF!
Name fin: [1]Лист2!$A$1:$C$339
Name final: [1]Лист2!$A$2:$B$339
Name five: #REF!
Name five: #REF!
Name ger: #REF!
Name ger: #REF!
Name hg: #REF!
Name hg: #REF!
Name hgn: #REF!
Name hoog: #REF!
Name hug: #REF!
Name hugeh: #REF!
Name hugen: #REF!
Name hugenhgn: #REF!
Name hugg: #REF!
Name huggen: #REF!
Name huggg: #REF!
Name huhughug: #REF!
Name HYDNUM: #REF!
Name klast: #REF!
Name klient: #REF!
Name lodold: #REF!
Name neg: #REF!
Name negot: #REF!
Name newheko: '[2]рабочий 2022'!$A$10:$L$1012
Name newhugen: #REF!
Name newhugen: #REF!
Name nid: #REF!
Name nid: #REF!
Name nl: #REF!
Name nl: #REF!
Name nlkl: #REF!
Name notready: #REF!

Sheet Условия работы
B13: ✓ | C13: Для оформления договорных документов:
B14: Индивидуальным предпринимателям: | H14: Юридическим лицам:
C15: ● Копию свидетельства ЕГРИП | H15: ● | I15: Копию Устава
C16: ● Копию ИНН | H16: ● | I16: Копию выписки из ЕГРЮЛ
C17: ● Копию паспорта | H17: ● | I17: Копию уведомления УСН или ЕНВД
C18: ● Копию уведомления УСН или ЕНВД | H18: ● | I18: Карточку с реквизитами предприятия
B20: ✓ | C20: Для обеспечения высокого сервиса обслуживания и правильного понимания Ваших потребностей:
C21: ● Заполненную Анкету клиента (шаблон необходимо запросить у Вашего менеджера)
B26: ✓ | C26: Заказ должен быть заполнен в форме настоящего Прайс-листа и:
C27: ● Соответствовать его требованиям к общему минимальному заказу
C28: ● Соответствовать его требованиям к минимальному заказу / кратности на сорт
B29: ✓ | C29: Бронирование заказа осуществляется исключительно после внесения аванса для бронирования
B30: ✓ | C30: Бронирование и предварительные подтверждения по заказам предоставляются до момента выпуска Производителем готовой продукции на основании его прогнозных данных. В процессе производства эти данные могут неоднократно изменяться по независящим от Производителя причинам (пример: погодные катаклизмы)
C31: ● Исходя из этой информации Вам необходимо принять решение о сроках размещения заказа:
C32: - разместить заказ заранее и иметь возможность бронирования максимально широкого ассортимента продукции, но быть готовым к тому, что информация о первоначальном подтверждении по заказу может меняться
C33: - разместить заказ ближе к дате отгрузки из доступного на тот момент стока (как правило, небольшого по ассортименту), но сразу получить более стабильное подтверждение
B34: ✓ | C34: В связи с динамично меняющимися свободными остатками часть заказа или заказ полностью могут быть не подтверждены
C35: ● Чем больше времени проходит с момента выставления счета на оплату до момента поступления оплаты на наш р/счет, тем выше вероятность неподтверждений
C36: ● В случае неподтверждения заказа мы возвращаем аванс, либо, при Вашем согласии, взамен неподтвержденных сортов предлагаем замены
B37: ✓ | C37: После внесения аванса для бронирования, частичный или полный отказ от заказа по Вашей инициативе не возможны.
B41: ✓ | C41: На протяжения всего периода работы мы будем информировать Вас обо всех изменениях, связанных с исполнением заказа
B42: ✓ | C42: Вам необходимо своевременно и в полном объеме производить все оплаты по заказу
C43: ● В случае нарушения сроков оплаты по заказу, предусмотренных условиями Прайс-листа, мы оставляем за собой право аннулировать Ваш заказ и направить товар в свободную продажу. Возврат внесенных по заказу авансов будет произведен в течение 10 дней после полной реализации заказа за минусом понесенных нами затрат на доставку, сборку, хранение и прочих
B44: ✓ | C44: Мы уведомим Вас о дате готовности Товара к отгрузке
C45: ● Вам будет необходимо осуществить приемку Товара оговоренным способом в срок, не превышающий 3-х рабочих дней с момента уведомления.
B46: ✓ | C46: Товары отгружаются с нашего склада на условиях самовывоза или путем организации доставки нашими силами, но за Ваш счет
C47: ● Во избежание длительного ожидания получения заказа в очереди, отгрузка товаров с нашего склада производится на основании Графика отгрузки
C48: ● Включение заказа в график отгрузки производится после полной его оплаты и, в случае необходимости доставки заказа до терминала транспортной компании, после предоставления Вами Доверенности на право передачи заказа в транспортную компанию.
C49: ● График отгрузки утверждается не позднее 14:00 дня предшествующего отгрузке. Поэтому при оплате заказа или предоставлении доверенности после 14:00 заказ может быть включен в График отгрузки не ранее, чем через один рабочий день.
B50: ✓ | C50: Мы не несем ответственности за частичную недопоставку заказа, вызванную неурожаем, либо гибелью растений по причине рисков хранения у Производителя, а также рисков связанных с изъятием сотрудниками таможни образцов товара для взятия проб в целях фитосанитарного контроля
B52: ✓ | C52: Во время выкопки выдача растений осуществляется не раннее 6-12 дней после оплаты заказа.
B53: ✓ | C53: Сроки выкопки и выдачи растений могут изменяться в зависимости от погодных условий.
B57: ✓ | C57: Мы предоставляем услуги по доставке заказов:
C58: ● До адреса Покупателя (По Москве и МО)
C59: ● До терминала любой транспортной компании в г. Москве
B60: ✓ | C60: Вы самостоятельно выбираете транспортную компанию, определяете условия доставки заказа транспортной компанией в пункт назначения и направляете нам четкое задание на передачу груза в форме Доверенности
C61: ● Мы осуществляем передачу товара в транспортную компанию строго в соответствии с требованиями, указанными Вами в бланке доверенности
C62: ● Право собственности на Товар и риск случайной гибели переходят к Вам с момента передачи нами Товара в транспортную компанию
C63: ● Мы не несем ответственности за потерю качества товара в период его доставки транспортной компанией
B68: ✓ | C68: Если мы передаем Товар, собранный в закрытую тару (в упаковке Производителя) или Вы физически не имеете возможности произвести детальную приемку Товара при его отгрузке, то имеете право в течение 3-х рабочих дней с момента получения Товара, сообщить нам об обнаруженных недостатках путем предъявления претензии
C69: ● Претензия должна быть составлена в письменном виде по установленной нами форме. Шаблон формы претензии мы высылаем по запросу
B70: ✓ | C70: Мы принимаем к рассмотрению претензии:
C71: ● только подтвержденные фотографиями каждой единицы Товара и тары
C72: ● к качеству и/или количеству поставленного товара по его состоянию на момент получения и не принимаем и не рассматриваем претензии к гибели товара случившейся в процессе Вашей производственной деятельности по выращиванию/доращиванию готовой продукции (исключения составляют претензии к пересорту, которые можно выявить только на определенных этапах роста растений).
C73: ● если совокупная сумма в ней по качеству и количеству, превышает:
C74: - 4% от общей суммы поставленной партии Товара при заказе до 4500 евро / до 300 000 руб
C75: - 3% от общей суммы поставленной партии Товара при заказе от 4501 до 10000 евро / от 300 001 до 700 000 руб
C76: - 2% от общей суммы поставленной партии Товара при заказе свыше 10000 евро / свыше 700 000 руб от общей суммы поставленной партии Товара
C77: ● при предоставлении документов, подтверждающих перевозку с соблюдением необходимого температурного режима (при нахождении товара в пути более 4-х суток)
C78: ● при соблюдении Вами сроков получения Товара с нашего склада
B79: ✓ | C79: Мы обязаны рассмотреть претензию в течение 30 рабочих дней с момента ее получения. В случае, если рассмотрение претензии зависит от решения сторонних организаций (производителя Товара, транспортной компании и т.п.) срок рассмотрения претензии может быть увеличен
C80: ● в случае принятия претензии на бракованный товар, Вам необходимо будет произвести его возврат в наш адрес за свой счет в течение 14 календарных дней с момента принятия претензии, если не будут согласованы иные способы решения
C81: ● в случае удовлетворения претензии производителем на Товар, стоимость которого была рассчитана путем калькуляции стоимости растений и стоимости доставки, мы произведем компенсацию только стоимость растений, без учёта доставки и прочих накладных расходов
B86: ✓ | C86: Понедельник - пятница с 9:00 до 18:00

Sheet Калькулятор
B2: =Предзаказ_осень2026!X21 -> 0 | C2: шт, количество растений | J2: Дорогие партнеры, мы делаем всё возможное, чтобы как можно лучше обеспечить вас качественным посадочным материалом. И хотим честно вас предупредить, что при сильном изменении ситуации на рынке и в мире, которые могут повлечь за собой удорожание стоимости Транспортной перевозки и/или КДП, мы оставляем за собой право пересмотреть цены и условия по настоящему предложению в любое время до момента передачи вам товара.
B3: =Предзаказ_осень2026!X22 -> 0 | C3: итоговая сумма за растения
B4: Не выбрано! | C4: ← Выберите период поставки
B5: на р/счет | C5: ← Выберите способ оплаты
B6: =IF(B5="в кассу",0%,IF(B5="на р/счет",15%,"выберите способ оплаты!")) -> 0.15 | C6: Комиссия за ден. переводы (КДП)
B8: Растения
B9: =SUM(Предзаказ_осень2026!AB982:AB4794) -> 0 | C9: Количество растений | J9: Стоимость товара иностранного производства, тары, услуги доставки, комиссии за денежный перевод на момент размещения заказа являются ориентировочными/приблизительными. Конечную стоимость Вашего заказа с деталями дополнительных услуг вы сможете расчитать вместе с нашим менеджером.
B10: =B3 -> 0 | C10: Предварительная сумма за растения без КДП | G10: =B3 -> 0
B11: =IF(B6="выберите способ оплаты!","выберите способ оплаты!",B6*G10) -> 0 | C11: Сумма КДП на растения | G11: =IF(B6="выберите способ оплаты!"," - ₽",B6*G10) -> 0
B12: =IF(B6="выберите способ оплаты!","выберите способ оплаты!",B11+B10) -> 0 | C12: Итоговая сумма за растения с КДП | G12: =IF(B6="выберите способ оплаты!"," - ₽",G11+G10) -> 0
B14: ДОРОГОЙ КЛИЕНТ!
B15: Для Вашего удобства мы разрабатываем максимально подробный и прозрачный формат расчета вместимости в тару и доставки.
B16: Просим Вас отнестись с понимание и участием.
B17: Компания Садовая палитра будет Вам благодарна за комментарии и советы по улучшению качества обслуживания!
B19: Доп. услуги (в разработке) | C19: =IF(AND(OR(B20="Навалом",B20="Не выбрано!"),OR(B21="Самовывоз",B21="Не выбрано!")),"",IF(COUNTIF(R74:R82,"В заказе присутствуют крупногабартиные растения, требуется корректировка расчета нашим логистом!")>0,"В заказе присутствуют крупногабартиные растения, требуется корректировка расчета нашим логистом!",""))
B20: Не выбрано! | C20: ← Выберите способ отгрузки растений | K20: *Тара платная, выберете в калькуляторе способ отгрузки Ваших растений: навалом или в тару.
B21: Не выбрано! | C21: ← Выберите способ доставки | E21: *Навалом в транспортную компанию НЕ отгружаем! | K21: Если Ваш груз упакован в разную тару - Вас ждет индивидуальный расчет упаковки растений.
C22: =IF(B21="Доставка до клиента","← Введите расстояние до вас в км",IF(AND(B21="Доставка до ТК",B20="Навалом"),"Отгрузка навалом в ТК невозможна! Выберите другой способ!","")) | K22: *Доставка платная до ближайшего к нашему складу терминала ТК: ПЭК, ЖелДорЭкспедиция, Вера-1.
B23: =IF(B20="Навалом",0,IF(B20="В таре",R85,0)) -> 0 | C23: Предварительная сумма за тару без КДП | K23: Стандартная стоимость доставки до ТК 3000 рублей за 5 и более ПМ.
B24: =IF(B21="Самовывоз",0,IF(B21="Доставка до ТК",IF(B6="выберите способ оплаты!","выберите способ оплаты!",IF(B20<>"Навалом",ROUNDUP(R86,0)*3000,"выберите отгрузку в таре!")),IF(B21="Доставка до клиента",IF(B22="","введите расстояние!",R87),0))) -> 0 | C24: Предварительная сумма за доставку без КДП | K24: Если в заказе менее 5 ПМ - расчет стоимости доставки индивидуальный.
B25: =IF(B6="выберите способ оплаты!","выберите способ оплаты!",B23+B23*B6) -> 0 | C25: Итоговая сумма за тару с КДП (ориентировочно) | K25: *Доставка платная до Вашего адреса.
B26: =IF(B6="выберите способ оплаты!","выберите способ оплаты!",IF(B24="выберите отгрузку в таре!","выберите отгрузку в таре!",IF(B24="введите расстояние!","введите расстояние!",B24+B24*B6))) -> 0 | C26: Итоговая сумма за доставку с КДП (ориентировочно)
B29: =IFERROR(B12+B25+B26,"заполните все параметры") -> 0 | C29: Сумма к оплате (ориентировочно) | G29: *Итоговую сумму заказа составляют: стоимость растений+стоимость тары+стоимость доставки+комиссия за ден переводы.
B38: СПРАВОЧНАЯ вместимость в тару, шт | D38: Точный расчет количества и стоимости тары - после формирования Вашего заказа. | K38: СПРАВОЧНЫЙ расчет объёма заказа | O38: Точный расчет объема - после формирования Вашего заказа.
B40: Контейнер/Тара | D40: Ящик пластиковый 60*40*22 40шт на ПМ | E40: Ящик деревянный 100*120*100 2шт на ПМ | F40: Кольцо 100*120*40 | G40: Поддон 100*120*12 | H40: Бокс для выкопки нестандарт (до 140+) до ТК | I40: Крышка для Ящика деревянного 100*120*2 | K40: Кол-во растений в заказе, шт | L40: Предварительный вес заказа, кг | M40: Ящик пластиковый 60*40*30 40 штук на ПМ | N40: Ящик деревянный 100*120*100 1/2 ПМ | O40: Кольцо 100*120*40 1 шт на 1ПМ (не ТК, клиенту в фуру) | P40: Поддон 100*120*20 | Q40: Бокс для выкопки нестандарт (до 140+) до ТК | R40: ИТОГО
B41: Цена за тару | C41: Вес растения | D41: 350 | E41: 3900 | F41: 1600 | G41: 400 | H41: 5500 | I41: 400
B42: P7 | C42: 0.5 | D42: 40 | E42: 1500 справочно | F42: 700 справочно | K42: =SUMIF(Предзаказ_осень2026!$Q$982:$Q$4224,Калькулятор!B42,Предзаказ_осень2026!$AB$982:$AB$4224) -> 0 | L42: =C42*K42 -> 0 | M42: =K42/D42 -> 0
B43: P9 | C43: 0.55 | D43: 24 | E43: 1000 справочно | F43: 400 справочно | K43: =SUMIF(Предзаказ_осень2026!$Q$982:$Q$4224,Калькулятор!B43,Предзаказ_осень2026!$AB$982:$AB$4224) -> 0 | L43: =C43*K43 -> 0 | M43: =K43/D43 -> 0
B44: P13 | C44: 1 | E44: 190 | K44: =SUMIF(Предзаказ_осень2026!$Q$982:$Q$4224,Калькулятор!B44,Предзаказ_осень2026!$AB$982:$AB$4224) -> 0 | L44: =C44*K44 -> 0 | N44: =K44/E44 -> 0
B45: P14 | C45: 2 | E45: 120 | K45: =SUMIF(Предзаказ_осень2026!$Q$982:$Q$4224,Калькулятор!B45,Предзаказ_осень2026!$AB$982:$AB$4224) -> 0 | L45: =C45*K45 -> 0 | N45: =K45/E45 -> 0
B46: C1 | C46: 1 | E46: 190 | K46: =SUMIF(Предзаказ_осень2026!$Q$982:$Q$4224,Калькулятор!B46,Предзаказ_осень2026!$AB$982:$AB$4224) -> 0 | L46: =C46*K46 -> 0 | N46: =K46/E46 -> 0
B47: C1,5 | C47: 1.5 | E47: 165 | K47: =SUMIF(Предзаказ_осень2026!$Q$982:$Q$4224,Калькулятор!B47,Предзаказ_осень2026!$AB$982:$AB$4224) -> 0 | L47: =C47*K47 -> 0 | N47: =K47/E47 -> 0
B48: C2 | C48: 2 | E48: 120 | K48: =SUMIF(Предзаказ_осень2026!$Q$982:$Q$4224,Калькулятор!B48,Предзаказ_осень2026!$AB$982:$AB$4224) -> 0 | L48: =C48*K48 -> 0 | N48: =K48/E48 -> 0
B49: C2,5 | C49: 2.5 | K49: =SUMIF(Предзаказ_осень2026!$Q$982:$Q$4224,Калькулятор!B49,Предзаказ_осень2026!$AB$982:$AB$4224) -> 0 | L49: =C49*K49 -> 0
B50: C2 PA | C50: 2.3 | G50: 90 | K50: =SUMIF(Предзаказ_осень2026!$Q$982:$Q$4224,Калькулятор!B50,Предзаказ_осень2026!$AB$982:$AB$4224) -> 0 | L50: =C50*K50 -> 0 | P50: =K50/G50 -> 0
B51: C3 | C51: 3 | E51: 100 | K51: =SUMIF(Предзаказ_осень2026!$Q$982:$Q$4224,Калькулятор!B51,Предзаказ_осень2026!$AB$982:$AB$4224) -> 0 | L51: =C51*K51 -> 0 | N51: =K51/E51 -> 0
B52: C3 PA | C52: 3.3 | G52: 70 | K52: =SUMIF(Предзаказ_осень2026!$Q$982:$Q$4224,Калькулятор!B52,Предзаказ_осень2026!$AB$982:$AB$4224) -> 0 | L52: =C52*K52 -> 0 | P52: =K52/G52 -> 0
B53: C4 | C53: 4 | E53: 40 | K53: =SUMIF(Предзаказ_осень2026!$Q$982:$Q$4224,Калькулятор!B53,Предзаказ_осень2026!$AB$982:$AB$4224) -> 0 | L53: =C53*K53 -> 0 | N53: =K53/E53 -> 0
B54: С4 PA | C54: 4.3 | K54: =SUMIF(Предзаказ_осень2026!$Q$982:$Q$4224,Калькулятор!B54,Предзаказ_осень2026!$AB$982:$AB$4224) -> 0 | L54: =C54*K54 -> 0
B55: C4,5 | C55: 4.5 | K55: =SUMIF(Предзаказ_осень2026!$Q$982:$Q$4224,Калькулятор!B55,Предзаказ_осень2026!$AB$982:$AB$4224) -> 0 | L55: =C55*K55 -> 0
B56: C4,5 PA | C56: 4.8 | K56: =SUMIF(Предзаказ_осень2026!$Q$982:$Q$4224,Калькулятор!B56,Предзаказ_осень2026!$AB$982:$AB$4224) -> 0 | L56: =C56*K56 -> 0
B57: C5 | C57: 5 | E57: 40 | K57: =SUMIF(Предзаказ_осень2026!$Q$982:$Q$4224,Калькулятор!B57,Предзаказ_осень2026!$AB$982:$AB$4224) -> 0 | L57: =C57*K57 -> 0 | N57: =K57/E57 -> 0
B58: C5 PA | C58: 5.3 | G58: 50 | K58: =SUMIF(Предзаказ_осень2026!$Q$982:$Q$4224,Калькулятор!B58,Предзаказ_осень2026!$AB$982:$AB$4224) -> 0 | L58: =C58*K58 -> 0 | P58: =K58/G58 -> 0
B59: C6 | C59: 6 | K59: =SUMIF(Предзаказ_осень2026!$Q$982:$Q$4224,Калькулятор!B59,Предзаказ_осень2026!$AB$982:$AB$4224) -> 0 | L59: =C59*K59 -> 0
B60: C6 PA | C60: 6.3 | K60: =SUMIF(Предзаказ_осень2026!$Q$982:$Q$4224,Калькулятор!B60,Предзаказ_осень2026!$AB$982:$AB$4224) -> 0 | L60: =C60*K60 -> 0
B61: C7 | C61: 7 | E61: 25 | K61: =SUMIF(Предзаказ_осень2026!$Q$982:$Q$4224,Калькулятор!B61,Предзаказ_осень2026!$AB$982:$AB$4224) -> 0 | L61: =C61*K61 -> 0 | N61: =K61/E61 -> 0
B62: C7 PA | C62: 7.3 | K62: =SUMIF(Предзаказ_осень2026!$Q$982:$Q$4224,Калькулятор!B62,Предзаказ_осень2026!$AB$982:$AB$4224) -> 0 | L62: =C62*K62 -> 0
B63: C7,5 | C63: 7.5 | E63: 20 | K63: =SUMIF(Предзаказ_осень2026!$Q$982:$Q$4224,Калькулятор!B63,Предзаказ_осень2026!$AB$982:$AB$4224) -> 0 | L63: =C63*K63 -> 0 | N63: =K63/E63 -> 0
B64: C7,5 PA | C64: 7.8 | G64: 40 | K64: =SUMIF(Предзаказ_осень2026!$Q$982:$Q$4224,Калькулятор!B64,Предзаказ_осень2026!$AB$982:$AB$4224) -> 0 | L64: =C64*K64 -> 0 | P64: =K64/G64 -> 0
B65: C10 | C65: 10 | E65: 15 | K65: =SUMIF(Предзаказ_осень2026!$Q$982:$Q$4224,Калькулятор!B65,Предзаказ_осень2026!$AB$982:$AB$4224) -> 0 | L65: =C65*K65 -> 0 | N65: =K65/E65 -> 0
B66: C10 PA | C66: 10.5 | K66: =SUMIF(Предзаказ_осень2026!$Q$982:$Q$4224,Калькулятор!B66,Предзаказ_осень2026!$AB$982:$AB$4224) -> 0 | L66: =C66*K66 -> 0
B67: C11 | C67: 11 | K67: =SUMIF(Предзаказ_осень2026!$Q$982:$Q$4224,Калькулятор!B67,Предзаказ_осень2026!$AB$982:$AB$4224) -> 0 | L67: =C67*K67 -> 0
B68: C12 | C68: 12 | K68: =SUMIF(Предзаказ_осень2026!$Q$982:$Q$4224,Калькулятор!B68,Предзаказ_осень2026!$AB$982:$AB$4224) -> 0 | L68: =C68*K68 -> 0
B69: C12 PA | C69: 12.5 | K69: =SUMIF(Предзаказ_осень2026!$Q$982:$Q$4224,Калькулятор!B69,Предзаказ_осень2026!$AB$982:$AB$4224) -> 0 | L69: =C69*K69 -> 0
B70: C15 | C70: 15 | K70: =SUMIF(Предзаказ_осень2026!$Q$982:$Q$4224,Калькулятор!B70,Предзаказ_осень2026!$AB$982:$AB$4224) -> 0 | L70: =C70*K70 -> 0
B71: C15 PA | C71: 15.5 | K71: =SUMIF(Предзаказ_осень2026!$Q$982:$Q$4224,Калькулятор!B71,Предзаказ_осень2026!$AB$982:$AB$4224) -> 0 | L71: =C71*K71 -> 0
B72: C16 | C72: 16 | K72: =SUMIF(Предзаказ_осень2026!$Q$982:$Q$4224,Калькулятор!B72,Предзаказ_осень2026!$AB$982:$AB$4224) -> 0 | L72: =C72*K72 -> 0
B73: C16 PA | C73: 16.5 | K73: =SUMIF(Предзаказ_осень2026!$Q$982:$Q$4224,Калькулятор!B73,Предзаказ_осень2026!$AB$982:$AB$4224) -> 0 | L73: =C73*K73 -> 0
B74: C18 | C74: 18 | E74: 9 | K74: =SUMIF(Предзаказ_осень2026!$Q$982:$Q$4224,Калькулятор!B74,Предзаказ_осень2026!$AB$982:$AB$4224) -> 0 | L74: =C74*K74 -> 0 | N74: =K74/E74 -> 0 | R74: =IF(K74>0,"Крупногабартиные растения, требуется корректировка расчета нашим логистом!","")
B75: C18 PA | C75: 18.5 | K75: =SUMIF(Предзаказ_осень2026!$Q$982:$Q$4224,Калькулятор!B75,Предзаказ_осень2026!$AB$982:$AB$4224) -> 0 | L75: =C75*K75 -> 0
B76: C20 | C76: 20 | K76: =SUMIF(Предзаказ_осень2026!$Q$982:$Q$4224,Калькулятор!B76,Предзаказ_осень2026!$AB$982:$AB$4224) -> 0 | L76: =C76*K76 -> 0
B77: C20 PA | C77: 20.5 | K77: =SUMIF(Предзаказ_осень2026!$Q$982:$Q$4224,Калькулятор!B77,Предзаказ_осень2026!$AB$982:$AB$4224) -> 0 | L77: =C77*K77 -> 0
B78: C25 | C78: 25 | K78: =SUMIF(Предзаказ_осень2026!$Q$982:$Q$4224,Калькулятор!B78,Предзаказ_осень2026!$AB$982:$AB$4224) -> 0 | L78: =C78*K78 -> 0
B79: C25 PA | C79: 25.5 | K79: =SUMIF(Предзаказ_осень2026!$Q$982:$Q$4224,Калькулятор!B79,Предзаказ_осень2026!$AB$982:$AB$4224) -> 0 | L79: =C79*K79 -> 0
B80: С35 | C80: 35 | K80: =SUMIF(Предзаказ_осень2026!$Q$982:$Q$4224,Калькулятор!B80,Предзаказ_осень2026!$AB$982:$AB$4224) -> 0 | L80: =C80*K80 -> 0
B81: Выкопка, WRB, высота растения до 140 см | C81: 50 | H81: 9 | K81: =SUMIFS(Предзаказ_осень2026!AB982:AB4224,Предзаказ_осень2026!Q982:Q4224,"WRB",Предзаказ_осень2026!R982:R4224,"100-120") -> 0 | L81: =C81*K81 -> 0 | Q81: =K81/H81 -> 0 | R81: =IF(K81>0,"Крупногабартиные растения, требуется корректировка расчета нашим логистом!","")
B82: Выкопка, WRB, высота растения более 140 см | C82: 80 | H82: 3 | K82: =SUMIFS(Предзаказ_осень2026!AB982:AB4224,Предзаказ_осень2026!Q982:Q4224,"WRB",Предзаказ_осень2026!R982:R4224,"140-160") -> 0 | L82: =C82*K82 -> 0 | Q82: =K82/H82 -> 0 | R82: =IF(K82>0,"Крупногабартиные растения, требуется корректировка расчета нашим логистом!","")
J83: ИТОГО: | K83: =SUM(K42:K82) -> 0 | L83: =SUM(L42:L82) -> 0 | M83: =ROUNDUP(M43,0)+ROUNDUP(M42,0) -> 0 | N83: =ROUNDUP(SUM(N42:N82),0) -> 0 | P83: =ROUNDUP(SUM(P42:P82),0) -> 0 | Q83: =ROUNDUP(SUM(Q42:Q82),0) -> 0
J85: Сумма за тару (предварительно) | M85: =M83*$D$41 -> 0 | N85: =N83*$E$41 -> 0 | P85: =P83*$G$41 -> 0 | Q85: =Q83*$H$41 -> 0 | R85: =SUM(M85:Q85) -> 0
J86: Итого паллетомест (предварительно) | M86: =M83/45 -> 0 | N86: =ROUNDUP((ROUNDUP(N83,0)/2),0) -> 0 | P86: =P83 -> 0 | Q86: =Q83 -> 0 | R86: =SUM(M86:Q86) -> 0
J87: Сумма за доставку (предварительно) | R87: =O123 -> 0
K120: Вся следующая часть внизу будет не видна для клиента:
K122: по весу | L122: по объёму в таре | M122: итоговая машина | N122: км ввёл клиент | O122: сумма за доставку
K123: =IF(L83<=L127-150,K127,IF(L83<=L128-150,K128,IF(L83<=L129-150,K129,IF(L83<=L130-150,K130,"индивидуальный расчет")))) -> газель | L123: =IF(R86<=M127,K127,IF(R86<=M128,K128,IF(R86<=M129,K129,IF(R86<=M130,K130,"индивидуальный расчет")))) -> газель | M123: =IF(B20="Навалом",VLOOKUP(K123,K127:O130,5,0),IF(VLOOKUP(K123,K127:L130,2,0)>VLOOKUP(L123,K127:L130,2,0),K123,L123)) -> газель | N123: =B22 -> 0 | O123: =VLOOKUP(M123,K127:N130,4,0)*N123 -> 0
K126: машина | L126: кг | M126: вместимость ПМ | N126: стоимость за КМ | O126: машина | Q126: Цены без КДП
G127: В 2,20 м | H127: Ш 1,90 м | J127: Д 4,10 м | K127: газель | L127: 2500 | M127: 4 | N127: 100 | O127: газель | P127: 4 ПМ
G128: В 2,3 м | H128: Ш 2,45 м | J128: Д 6,2 м | K128: 5-тонник | L128: 5000 | M128: 12 | N128: 130 | O128: 5-тонник | P128: 12 ПМ | Q128: 24 бокса | R128: БЕЗ КОЛЕЦ
G129: В 2,45 м | H129: Ш 2,45 м | J129: Д 6,2 м | K129: 10-тонник | L129: 10000 | M129: 12 | N129: 150 | O129: 10-тонник | P129: 12 ПМ | Q129: 24 бокса | R129: С КОЛЬЦАМИ
G130: В 2,45 м | H130: Ш 2,45 м | J130: Д 13,5 м | K130: фура | L130: 20000 | M130: 26 | N130: 200 | O130: фура | P130: 26 ПМ | Q130: 52 бокса | R130: С КОЛЬЦАМИ

Sheet Предзаказ_осень2026
T1: ПРЕДЗАКАЗ_осень 2026 | Y1: Подпишитесь на наши каналы в MAX и Telegram, чтобы всегда быть в курсе последних новостей, предложений и акций:
P3: Адрес склада: Московская область, Каширский район, дер. Барабаново
P4: Выдача заказов: Наличие - ежедневно после согласования с менеджером; Р9 - сентябрь 2026; ОКС и пионы - октябрь-ноябрь 2026; WRB - с 17 августа-ноябрь 2026
P5: * Сроки выкопки и выдачи растений могут измениться в зависимости от погодных условий.
P7: Общий минимальный заказ 35 000 ₽
P9: Минимальный заказ на сорт: для контейнеров MP6 - 6 шт; Р9 - 24 шт; от С1 от 1 шт.
P10: Саженцы с ОКС упакованы по 25 шт. в пучок, 3/х летки по 10 шт. в пучок.
P11: Многолетники с ОКС упаковываны по 25 шт. в перфорированный пакет.
P12: При покупке товаров ОКС - предложим контейнер С3 для пересадки на каждую позицию со скидкой 50%
P13: Р9 упакованы в пластиковые ящики по 24 штуки на сорт. *Тара платная
P14: Минимальный заказ на СОПУТСТВУЮЩИЕ ТОВАРЫ - 10 штук на позицию.
P16: При полной оплате заказа до 25 августа 2026 года предоставляется скидка 5%.
P17: Аванс для бронирования: 50%, оплата перед отгрузкой 50%
... P19: * Цены в прайсе указаны при оплате наличными в кассу. При оплате по безналу выберете в калькуляторе способ оплаты на р/счет.
P21: Перед оформлением заказа, пожалуйста, ознакомьтесь с условиями работы и подтвердите своё согласие с ними: | X21: =SUM(AB28:AB4233) -> 0 | Z21: количество растений
Q22: >>> Условия работы <<< | W22: =IF(X22=0, "", IF(X22<35000, "ОШИБКА!!!", "")) | X22: =SUM(AD28:AD4233) -> 0 | Z22: итоговая сумма за растения | AD22: =IF(X22=0, "", IF(X22<35000, "НЕ СОБЛЮДЕНЫ УСЛОВИЯ минимальной суммы заказа", ""))
T24: с условиями работы ознакомлен | U24: нет | X24: Перейти в калькулятор <<<<<<
E25: АСТ контейнер | G25: АСТ ОКС, Р9 | X25: Опт (50 тыс. ₽ - 200 тыс. ₽) | Z25: Крупный опт (≥200 тыс. ₽) | AC25: =SUM(AC27:AC4233) -> 0
D26: Остатки ОП | E26: Всего | F26: свободно | G26: Всего | H26: свободно | I26: Остатки ВБ | J26: Остатки СЦ | K26: Партнер | M26: Товарная категория | N26: Род, вид на русском | O26: Род, вид на латинском | P26: Сорт | Q26: Упаковка корневой системы | R26: Высота, см | S26: Ширина, см | T26: Высота штамба, см | U26: Примечание | V26: Страна производитель | W26: Минимальный заказ, шт | X26: заказ <20 шт на позицию ОПТ | Y26: заказ ≥20 шт на позицию ОПТ-3% | Z26: заказ <20 шт на позицию ОПТ-9% | AA26: заказ ≥20 шт на позицию ОПТ-15% | AB26: Заказ, шт | AC26: Сумма предварительная | AD26: Общая сумма заказа в рублях | AE26: Подтверждение | AF26: Ассортимент | AG26: Особенности | AH26: Описание
C27: * | M27: ОКС_ Гортензии
C28: 46-38-14791 | G28: 8 | L28: руб | M28: ОКС_ Гортензии | N28: Гортензия древовидная | O28: Hydrangea arborescens | P28: Bounty | Q28: BR 0+1+1 1-2 tak | V28: RUS | W28: 25 | X28: 115 | Y28: 98 | Z28: 98 | AA28: 98 | AC28: =X28*AB28 -> 0 | AD28: =IF(Y28<>"",IF(AND($AC$25>=200000,AB28>=20),AB28*AA28,IF(AND($AC$25>=200000,AB28<20),AB28*Z28,IF(AND($AC$25<200000,AB28>=20),AB28*Y28,AB28*X28))),IF($AC$25>=200000,AB28*Z28,AB28*X28)) -> 0 | AE28: Выдача октябрь-ноябрь 2026 | AI28: =IF(AB28/W28=0,"",IF(MOD(AB28,W28)>0,"ОШИБКА!!! неверная кратность на сорт",""))
G29: 16 | L29: руб | M29: ОКС_ Гортензии | N29: Гортензия древовидная | O29: Hydrangea arborescens | P29: Bounty | Q29: BR 0+1+1 3-4 tak | V29: RUS | W29: 25 | X29: 135 | Y29: 115 | Z29: 115 | AA29: 115 | AC29: =X29*AB29 -> 0 | AD29: =IF(Y29<>"",IF(AND($AC$25>=200000,AB29>=20),AB29*AA29,IF(AND($AC$25>=200000,AB29<20),AB29*Z29,IF(AND($AC$25<200000,AB29>=20),AB29*Y29,AB29*X29))),IF($AC$25>=200000,AB29*Z29,AB29*X29)) -> 0 | AE29: Выдача октябрь-ноябрь 2026 | AI29: =IF(AB29/W29=0,"",IF(MOD(AB29,W29)>0,"ОШИБКА!!! неверная кратность на сорт",""))
G30: 7 | L30: руб | M30: ОКС_ Гортензии | N30: Гортензия древовидная | O30: Hydrangea arborescens | P30: Bounty | Q30: BR 0+1+1 5-6 tak | V30: RUS | W30: 25 | X30: 141 | Y30: 120 | Z30: 120 | AA30: 120 | AC30: =X30*AB30 -> 0 | AD30: =IF(Y30<>"",IF(AND($AC$25>=200000,AB30>=20),AB30*AA30,IF(AND($AC$25>=200000,AB30<20),AB30*Z30,IF(AND($AC$25<200000,AB30>=20),AB30*Y30,AB30*X30))),IF($AC$25>=200000,AB30*Z30,AB30*X30)) -> 0 | AE30: Выдача октябрь-ноябрь 2026 | AI30: =IF(AB30/W30=0,"",IF(MOD(AB30,W30)>0,"ОШИБКА!!! неверная кратность на сорт",""))
C31: 46-38-15989 | G31: 12 | L31: руб | M31: ОКС_ Гортензии | N31: Гортензия древовидная | O31: Hydrangea arborescens | P31: Radiata | Q31: BR 0+1+1 1-2 tak | V31: RUS | W31: 25 | X31: 115 | Y31: 98 | Z31: 98 | AA31: 98 | AC31: =X31*AB31 -> 0 | AD31: =IF(Y31<>"",IF(AND($AC$25>=200000,AB31>=20),AB31*AA31,IF(AND($AC$25>=200000,AB31<20),AB31*Z31,IF(AND($AC$25<200000,AB31>=20),AB31*Y31,AB31*X31))),IF($AC$25>=200000,AB31*Z31,AB31*X31)) -> 0 | AE31: Выдача октябрь-ноябрь 2026 | AI31: =IF(AB31/W31=0,"",IF(MOD(AB31,W31)>0,"ОШИБКА!!! неверная кратность на сорт",""))
G32: 24 | L32: руб | M32: ОКС_ Гортензии | N32: Гортензия древовидная | O32: Hydrangea arborescens | P32: Radiata | Q32: BR 0+1+1 3-4 tak | V32: RUS | W32: 25 | X32: 135 | Y32: 115 | Z32: 115 | AA32: 115 | AC32: =X32*AB32 -> 0 | AD32: =IF(Y32<>"",IF(AND($AC$25>=200000,AB32>=20),AB32*AA32,IF(AND($AC$25>=200000,AB32<20),AB32*Z32,IF(AND($AC$25<200000,AB32>=20),AB32*Y32,AB32*X32))),IF($AC$25>=200000,AB32*Z32,AB32*X32)) -> 0 | AE32: Выдача октябрь-ноябрь 2026 | AI32: =IF(AB32/W32=0,"",IF(MOD(AB32,W32)>0,"ОШИБКА!!! неверная кратность на сорт",""))
G33: 12 | L33: руб | M33: ОКС_ Гортензии | N33: Гортензия древовидная | O33: Hydrangea arborescens | P33: Radiata | Q33: BR 0+1+1 5-6 tak | V33: RUS | W33: 25 | X33: 141 | Y33: 120 | Z33: 120 | AA33: 120 | AC33: =X33*AB33 -> 0 | AD33: =IF(Y33<>"",IF(AND($AC$25>=200000,AB33>=20),AB33*AA33,IF(AND($AC$25>=200000,AB33<20),AB33*Z33,IF(AND($AC$25<200000,AB33>=20),AB33*Y33,AB33*X33))),IF($AC$25>=200000,AB33*Z33,AB33*X33)) -> 0 | AE33: Выдача октябрь-ноябрь 2026 | AI33: =IF(AB33/W33=0,"",IF(MOD(AB33,W33)>0,"ОШИБКА!!! неверная кратность на сорт",""))
C34: 46-38-12821 | G34: 22 | L34: руб | M34: ОКС_ Гортензии | N34: Гортензия метельчатая | O34: Hydrangea paniculata | P34: Big Ben | Q34: BR 0+1+1 1-2 tak | V34: RUS | W34: 25 | X34: 115 | Y34: 98 | Z34: 98 | AA34: 98 | AC34: =X34*AB34 -> 0 | AD34: =IF(Y34<>"",IF(AND($AC$25>=200000,AB34>=20),AB34*AA34,IF(AND($AC$25>=200000,AB34<20),AB34*Z34,IF(AND($AC$25<200000,AB34>=20),AB34*Y34,AB34*X34))),IF($AC$25>=200000,AB34*Z34,AB34*X34)) -> 0 | AE34: Выдача октябрь-ноябрь 2026 | AI34: =IF(AB34/W34=0,"",IF(MOD(AB34,W34)>0,"ОШИБКА!!! неверная кратность на сорт",""))
G35: 45 | L35: руб | M35: ОКС_ Гортензии | N35: Гортензия метельчатая | O35: Hydrangea paniculata | P35: Big Ben | Q35: BR 0+1+1 3-4 tak | V35: RUS | W35: 25 | X35: 135 | Y35: 115 | Z35: 115 | AA35: 115 | AC35: =X35*AB35 -> 0 | AD35: =IF(Y35<>"",IF(AND($AC$25>=200000,AB35>=20),AB35*AA35,IF(AND($AC$25>=200000,AB35<20),AB35*Z35,IF(AND($AC$25<200000,AB35>=20),AB35*Y35,AB35*X35))),IF($AC$25>=200000,AB35*Z35,AB35*X35)) -> 0 | AE35: Выдача октябрь-ноябрь 2026 | AI35: =IF(AB35/W35=0,"",IF(MOD(AB35,W35)>0,"ОШИБКА!!! неверная кратность на сорт",""))
G36: 22 | L36: руб | M36: ОКС_ Гортензии | N36: Гортензия метельчатая | O36: Hydrangea paniculata | P36: Big Ben | Q36: BR 0+1+1 5-6 tak | V36: RUS | W36: 25 | X36: 141 | Y36: 120 | Z36: 120 | AA36: 120 | AC36: =X36*AB36 -> 0 | AD36: =IF(Y36<>"",IF(AND($AC$25>=200000,AB36>=20),AB36*AA36,IF(AND($AC$25>=200000,AB36<20),AB36*Z36,IF(AND($AC$25<200000,AB36>=20),AB36*Y36,AB36*X36))),IF($AC$25>=200000,AB36*Z36,AB36*X36)) -> 0 | AE36: Выдача октябрь-ноябрь 2026 | AI36: =IF(AB36/W36=0,"",IF(MOD(AB36,W36)>0,"ОШИБКА!!! неверная кратность на сорт",""))
C37: 46-38-15988 | G37: 20 | L37: руб | M37: ОКС_ Гортензии | N37: Гортензия метельчатая | O37: Hydrangea paniculata | P37: Bonfire | Q37: BR 0+1+1 1-2 tak | V37: RUS | W37: 25 | X37: 115 | Y37: 98 | Z37: 98 | AA37: 98 | AC37: =X37*AB37 -> 0 | AD37: =IF(Y37<>"",IF(AND($AC$25>=200000,AB37>=20),AB37*AA37,IF(AND($AC$25>=200000,AB37<20),AB37*Z37,IF(AND($AC$25<200000,AB37>=20),AB37*Y37,AB37*X37))),IF($AC$25>=200000,AB37*Z37,AB37*X37)) -> 0 | AE37: Выдача октябрь-ноябрь 2026 | AI37: =IF(AB37/W37=0,"",IF(MOD(AB37,W37)>0,"ОШИБКА!!! неверная кратность на сорт",""))
G38: 40 | L38: руб | M38: ОКС_ Гортензии | N38: Гортензия метельчатая | O38: Hydrangea paniculata | P38: Bonfire | Q38: BR 0+1+1 3-4 tak | V38: RUS | W38: 25 | X38: 135 | Y38: 115 | Z38: 115 | AA38: 115 | AC38: =X38*AB38 -> 0 | AD38: =IF(Y38<>"",IF(AND($AC$25>=200000,AB38>=20),AB38*AA38,IF(AND($AC$25>=200000,AB38<20),AB38*Z38,IF(AND($AC$25<200000,AB38>=20),AB38*Y38,AB38*X38))),IF($AC$25>=200000,AB38*Z38,AB38*X38)) -> 0 | AE38: Выдача октябрь-ноябрь 2026 | AI38: =IF(AB38/W38=0,"",IF(MOD(AB38,W38)>0,"ОШИБКА!!! неверная кратность на сорт",""))
G39: 20 | L39: руб | M39: ОКС_ Гортензии | N39: Гортензия метельчатая | O39: Hydrangea paniculata | P39: Bonfire | Q39: BR 0+1+1 5-6 tak | V39: RUS | W39: 25 | X39: 141 | Y39: 120 | Z39: 120 | AA39: 120 | AC39: =X39*AB39 -> 0 | AD39: =IF(Y39<>"",IF(AND($AC$25>=200000,AB39>=20),AB39*AA39,IF(AND($AC$25>=200000,AB39<20),AB39*Z39,IF(AND($AC$25<200000,AB39>=20),AB39*Y39,AB39*X39))),IF($AC$25>=200000,AB39*Z39,AB39*X39)) -> 0 | AE39: Выдача октябрь-ноябрь 2026 | AI39: =IF(AB39/W39=0,"",IF(MOD(AB39,W39)>0,"ОШИБКА!!! неверная кратность на сорт",""))
C40: 46-38-12825 | G40: 21 | L40: руб | M40: ОКС_ Гортензии | N40: Гортензия метельчатая | O40: Hydrangea paniculata | P40: Dentelle de Gorron | Q40: BR 0+1+1 1-2 tak | V40: RUS | W40: 25 | X40: 115 | Y40: 98 | Z40: 98 | AA40: 98 | AC40: =X40*AB40 -> 0 | AD40: =IF(Y40<>"",IF(AND($AC$25>=200000,AB40>=20),AB40*AA40,IF(AND($AC$25>=200000,AB40<20),AB40*Z40,IF(AND($AC$25<200000,AB40>=20),AB40*Y40,AB40*X40))),IF($AC$25>=200000,AB40*Z40,AB40*X40)) -> 0 | AE40: Выдача октябрь-ноябрь 2026 | AI40: =IF(AB40/W40=0,"",IF(MOD(AB40,W40)>0,"ОШИБКА!!! неверная кратность на сорт",""))
G41: 41 | L41: руб | M41: ОКС_ Гортензии | N41: Гортензия метельчатая | O41: Hydrangea paniculata | P41: Dentelle de Gorron | Q41: BR 0+1+1 3-4 tak | V41: RUS | W41: 25 | X41: 135 | Y41: 115 | Z41: 115 | AA41: 115 | AC41: =X41*AB41 -> 0 | AD41: =IF(Y41<>"",IF(AND($AC$25>=200000,AB41>=20),AB41*AA41,IF(AND($AC$25>=200000,AB41<20),AB41*Z41,IF(AND($AC$25<200000,AB41>=20),AB41*Y41,AB41*X41))),IF($AC$25>=200000,AB41*Z41,AB41*X41)) -> 0 | AE41: Выдача октябрь-ноябрь 2026 | AI41: =IF(AB41/W41=0,"",IF(MOD(AB41,W41)>0,"ОШИБКА!!! неверная кратность на сорт",""))
G42: 20 | L42: руб | M42: ОКС_ Гортензии | N42: Гортензия метельчатая | O42: Hydrangea paniculata | P42: Dentelle de Gorron | Q42: BR 0+1+1 5-6 tak | V42: RUS | W42: 25 | X42: 141 | Y42: 120 | Z42: 120 | AA42: 120 | AC42: =X42*AB42 -> 0 | AD42: =IF(Y42<>"",IF(AND($AC$25>=200000,AB42>=20),AB42*AA42,IF(AND($AC$25>=200000,AB42<20),AB42*Z42,IF(AND($AC$25<200000,AB42>=20),AB42*Y42,AB42*X42))),IF($AC$25>=200000,AB42*Z42,AB42*X42)) -> 0 | AE42: Выдача октябрь-ноябрь 2026 | AI42: =IF(AB42/W42=0,"",IF(MOD(AB42,W42)>0,"ОШИБКА!!! неверная кратность на сорт",""))
C43: 46-38-16491 | G43: 36 | L43: руб | M43: ОКС_ Гортензии | N43: Гортензия метельчатая | O43: Hydrangea paniculata | P43: Dolly | Q43: BR 0+1+1 1-2 tak | V43: RUS | W43: 25 | X43: 115 | Y43: 98 | Z43: 98 | AA43: 98 | AC43: =X43*AB43 -> 0 | AD43: =IF(Y43<>"",IF(AND($AC$25>=200000,AB43>=20),AB43*AA43,IF(AND($AC$25>=200000,AB43<20),AB43*Z43,IF(AND($AC$25<200000,AB43>=20),AB43*Y43,AB43*X43))),IF($AC$25>=200000,AB43*Z43,AB43*X43)) -> 0 | AE43: Выдача октябрь-ноябрь 2026 | AI43: =IF(AB43/W43=0,"",IF(MOD(AB43,W43)>0,"ОШИБКА!!! неверная кратность на сорт",""))
G44: 71 | L44: руб | M44: ОКС_ Гортензии | N44: Гортензия метельчатая | O44: Hydrangea paniculata | P44: Dolly | Q44: BR 0+1+1 3-4 tak | V44: RUS | W44: 25 | X44: 135 | Y44: 115 | Z44: 115 | AA44: 115 | AC44: =X44*AB44 -> 0 | AD44: =IF(Y44<>"",IF(AND($AC$25>=200000,AB44>=20),AB44*AA44,IF(AND($AC$25>=200000,AB44<20),AB44*Z44,IF(AND($AC$25<200000,AB44>=20),AB44*Y44,AB44*X44))),IF($AC$25>=200000,AB44*Z44,AB44*X44)) -> 0 | AE44: Выдача октябрь-ноябрь 2026 | AI44: =IF(AB44/W44=0,"",IF(MOD(AB44,W44)>0,"ОШИБКА!!! неверная кратность на сорт",""))
G45: 36 | L45: руб | M45: ОКС_ Гортензии | N45: Гортензия метельчатая | O45: Hydrangea paniculata | P45: Dolly | Q45: BR 0+1+1 5-6 tak | V45: RUS | W45: 25 | X45: 141 | Y45: 120 | Z45: 120 | AA45: 120 | AC45: =X45*AB45 -> 0 | AD45: =IF(Y45<>"",IF(AND($AC$25>=200000,AB45>=20),AB45*AA45,IF(AND($AC$25>=200000,AB45<20),AB45*Z45,IF(AND($AC$25<200000,AB45>=20),AB45*Y45,AB45*X45))),IF($AC$25>=200000,AB45*Z45,AB45*X45)) -> 0 | AE45: Выдача октябрь-ноябрь 2026 | AI45: =IF(AB45/W45=0,"",IF(MOD(AB45,W45)>0,"ОШИБКА!!! неверная кратность на сорт",""))
C46: 46-38-12829 | G46: 53 | L46: руб | M46: ОКС_ Гортензии | N46: Гортензия метельчатая | O46: Hydrangea paniculata | P46: Early Sensation | Q46: BR 0+1+1 1-2 tak | V46: RUS | W46: 25 | X46: 115 | Y46: 98 | Z46: 98 | AA46: 98 | AC46: =X46*AB46 -> 0 | AD46: =IF(Y46<>"",IF(AND($AC$25>=200000,AB46>=20),AB46*AA46,IF(AND($AC$25>=200000,AB46<20),AB46*Z46,IF(AND($AC$25<200000,AB46>=20),AB46*Y46,AB46*X46))),IF($AC$25>=200000,AB46*Z46,AB46*X46)) -> 0 | AE46: Выдача октябрь-ноябрь 2026 | AI46: =IF(AB46/W46=0,"",IF(MOD(AB46,W46)>0,"ОШИБКА!!! неверная кратность на сорт",""))
C47: 46-38-11632 | G47: 106 | L47: руб | M47: ОКС_ Гортензии | N47: Гортензия метельчатая | O47: Hydrangea paniculata | P47: Early Sensation | Q47: BR 0+1+1 3-4 tak | V47: RUS | W47: 25 | X47: 135 | Y47: 115 | Z47: 115 | AA47: 115 | AC47: =X47*AB47 -> 0 | AD47: =IF(Y47<>"",IF(AND($AC$25>=200000,AB47>=20),AB47*AA47,IF(AND($AC$25>=200000,AB47<20),AB47*Z47,IF(AND($AC$25<200000,AB47>=20),AB47*Y47,AB47*X47))),IF($AC$25>=200000,AB47*Z47,AB47*X47)) -> 0 | AE47: Выдача октябрь-ноябрь 2026 | AI47: =IF(AB47/W47=0,"",IF(MOD(AB47,W47)>0,"ОШИБКА!!! неверная кратность на сорт",""))
C48: 46-38-12830 | G48: 53 | L48: руб | M48: ОКС_ Гортензии | N48: Гортензия метельчатая | O48: Hydrangea paniculata | P48: Early Sensation | Q48: BR 0+1+1 5-6 tak | V48: RUS | W48: 25 | X48: 141 | Y48: 120 | Z48: 120 | AA48: 120 | AC48: =X48*AB48 -> 0 | AD48: =IF(Y48<>"",IF(AND($AC$25>=200000,AB48>=20),AB48*AA48,IF(AND($AC$25>=200000,AB48<20),AB48*Z48,IF(AND($AC$25<200000,AB48>=20),AB48*Y48,AB48*X48))),IF($AC$25>=200000,AB48*Z48,AB48*X48)) -> 0 | AE48: Выдача октябрь-ноябрь 2026 | AI48: =IF(AB48/W48=0,"",IF(MOD(AB48,W48)>0,"ОШИБКА!!! неверная кратность на сорт",""))
C49: 46-38-12831 | G49: 243 | L49: руб | M49: ОКС_ Гортензии | N49: Гортензия метельчатая | O49: Hydrangea paniculata | P49: Fraise Melba | Q49: BR 0+1+1 1-2 tak | V49: RUS | W49: 25 | X49: 115 | Y49: 98 | Z49: 98 | AA49: 98 | AC49: =X49*AB49 -> 0 | AD49: =IF(Y49<>"",IF(AND($AC$25>=200000,AB49>=20),AB49*AA49,IF(AND($AC$25>=200000,AB49<20),AB49*Z49,IF(AND($AC$25<200000,AB49>=20),AB49*Y49,AB49*X49))),IF($AC$25>=200000,AB49*Z49,AB49*X49)) -> 0 | AE49: Выдача октябрь-ноябрь 2026 | AI49: =IF(AB49/W49=0,"",IF(MOD(AB49,W49)>0,"ОШИБКА!!! неверная кратность на сорт",""))
G50: 486 | L50: руб | M50: ОКС_ Гортензии | N50: Гортензия метельчатая | O50: Hydrangea paniculata | P50: Fraise Melba | Q50: BR 0+1+1 3-4 tak | V50: RUS | W50: 25 | X50: 135 | Y50: 115 | Z50: 115 | AA50: 115 | AC50: =X50*AB50 -> 0 | AD50: =IF(Y50<>"",IF(AND($AC$25>=200000,AB50>=20),AB50*AA50,IF(AND($AC$25>=200000,AB50<20),AB50*Z50,IF(AND($AC$25<200000,AB50>=20),AB50*Y50,AB50*X50))),IF($AC$25>=200000,AB50*Z50,AB50*X50)) -> 0 | AE50: Выдача октябрь-ноябрь 2026 | AI50: =IF(AB50/W50=0,"",IF(MOD(AB50,W50)>0,"ОШИБКА!!! неверная кратность на сорт",""))
G51: 243 | L51: руб | M51: ОКС_ Гортензии | N51: Гортензия метельчатая | O51: Hydrangea paniculata | P51: Fraise Melba | Q51: BR 0+1+1 5-6 tak | V51: RUS | W51: 25 | X51: 141 | Y51: 120 | Z51: 120 | AA51: 120 | AC51: =X51*AB51 -> 0 | AD51: =IF(Y51<>"",IF(AND($AC$25>=200000,AB51>=20),AB51*AA51,IF(AND($AC$25>=200000,AB51<20),AB51*Z51,IF(AND($AC$25<200000,AB51>=20),AB51*Y51,AB51*X51))),IF($AC$25>=200000,AB51*Z51,AB51*X51)) -> 0 | AE51: Выдача октябрь-ноябрь 2026 | AI51: =IF(AB51/W51=0,"",IF(MOD(AB51,W51)>0,"ОШИБКА!!! неверная кратность на сорт",""))
C52: 46-38-14589 | G52: 237 | L52: руб | M52: ОКС_ Гортензии | N52: Гортензия метельчатая | O52: Hydrangea paniculata | P52: Graffiti | Q52: BR 0+1+1 1-2 tak | V52: RUS | W52: 25 | X52: 115 | Y52: 98 | Z52: 98 | AA52: 98 | AC52: =X52*AB52 -> 0 | AD52: =IF(Y52<>"",IF(AND($AC$25>=200000,AB52>=20),AB52*AA52,IF(AND($AC$25>=200000,AB52<20),AB52*Z52,IF(AND($AC$25<200000,AB52>=20),AB52*Y52,AB52*X52))),IF($AC$25>=200000,AB52*Z52,AB52*X52)) -> 0 | AE52: Выдача октябрь-ноябрь 2026 | AI52: =IF(AB52/W52=0,"",IF(MOD(AB52,W52)>0,"ОШИБКА!!! неверная кратность на сорт",""))
G53: 474 | L53: руб | M53: ОКС_ Гортензии | N53: Гортензия метельчатая | O53: Hydrangea paniculata | P53: Graffiti | Q53: BR 0+1+1 3-4 tak | V53: RUS | W53: 25 | X53: 135 | Y53: 115 | Z53: 115 | AA53: 115 | AC53: =X53*AB53 -> 0 | AD53: =IF(Y53<>"",IF(AND($AC$25>=200000,AB53>=20),AB53*AA53,IF(AND($AC$25>=200000,AB53<20),AB53*Z53,IF(AND($AC$25<200000,AB53>=20),AB53*Y53,AB53*X53))),IF($AC$25>=200000,AB53*Z53,AB53*X53)) -> 0 | AE53: Выдача октябрь-ноябрь 2026 | AI53: =IF(AB53/W53=0,"",IF(MOD(AB53,W53)>0,"ОШИБКА!!! неверная кратность на сорт",""))
G54: 237 | L54: руб | M54: ОКС_ Гортензии | N54: Гортензия метельчатая | O54: Hydrangea paniculata | P54: Graffiti | Q54: BR 0+1+1 5-6 tak | V54: RUS | W54: 25 | X54: 141 | Y54: 120 | Z54: 120 | AA54: 120 | AC54: =X54*AB54 -> 0 | AD54: =IF(Y54<>"",IF(AND($AC$25>=200000,AB54>=20),AB54*AA54,IF(AND($AC$25>=200000,AB54<20),AB54*Z54,IF(AND($AC$25<200000,AB54>=20),AB54*Y54,AB54*X54))),IF($AC$25>=200000,AB54*Z54,AB54*X54)) -> 0 | AE54: Выдача октябрь-ноябрь 2026 | AI54: =IF(AB54/W54=0,"",IF(MOD(AB54,W54)>0,"ОШИБКА!!! неверная кратность на сорт",""))
C55: 46-38-10955 | G55: 73 | L55: руб | M55: ОКС_ Гортензии | N55: Гортензия метельчатая | O55: Hydrangea paniculata | P55: Levana | Q55: BR 0+1+1 1-2 tak | V55: RUS | W55: 25 | X55: 115 | Y55: 98 | Z55: 98 | AA55: 98 | AC55: =X55*AB55 -> 0 | AD55: =IF(Y55<>"",IF(AND($AC$25>=200000,AB55>=20),AB55*AA55,IF(AND($AC$25>=200000,AB55<20),AB55*Z55,IF(AND($AC$25<200000,AB55>=20),AB55*Y55,AB55*X55))),IF($AC$25>=200000,AB55*Z55,AB55*X55)) -> 0 | AE55: Выдача октябрь-ноябрь 2026 | AI55: =IF(AB55/W55=0,"",IF(MOD(AB55,W55)>0,"ОШИБКА!!! неверная кратность на сорт",""))
G56: 145 | L56: руб | M56: ОКС_ Гортензии | N56: Гортензия метельчатая | O56: Hydrangea paniculata | P56: Levana | Q56: BR 0+1+1 3-4 tak | V56: RUS | W56: 25 | X56: 135 | Y56: 115 | Z56: 115 | AA56: 115 | AC56: =X56*AB56 -> 0 | AD56: =IF(Y56<>"",IF(AND($AC$25>=200000,AB56>=20),AB56*AA56,IF(AND($AC$25>=200000,AB56<20),AB56*Z56,IF(AND($AC$25<200000,AB56>=20),AB56*Y56,AB56*X56))),IF($AC$25>=200000,AB56*Z56,AB56*X56)) -> 0 | AE56: Выдача октябрь-ноябрь 2026 | AI56: =IF(AB56/W56=0,"",IF(MOD(AB56,W56)>0,"ОШИБКА!!! неверная кратность на сорт",""))
G57: 73 | L57: руб | M57: ОКС_ Гортензии | N57: Гортензия метельчатая | O57: Hydrangea paniculata | P57: Levana | Q57: BR 0+1+1 5-6 tak | V57: RUS | W57: 25 | X57: 141 | Y57: 120 | Z57: 120 | AA57: 120 | AC57: =X57*AB57 -> 0 | AD57: =IF(Y57<>"",IF(AND($AC$25>=200000,AB57>=20),AB57*AA57,IF(AND($AC$25>=200000,AB57<20),AB57*Z57,IF(AND($AC$25<200000,AB57>=20),AB57*Y57,AB57*X57))),IF($AC$25>=200000,AB57*Z57,AB57*X57)) -> 0 | AE57: Выдача октябрь-ноябрь 2026 | AI57: =IF(AB57/W57=0,"",IF(MOD(AB57,W57)>0,"ОШИБКА!!! неверная кратность на сорт",""))
C58: 46-38-15512 | G58: 63 | L58: руб | M58: ОКС_ Гортензии | N58: Гортензия метельчатая | O58: Hydrangea paniculata | P58: Little quick fire | Q58: BR 0+1+1 2 tak | V58: RUS | W58: 25 | X58: 115 | Y58: 98 | Z58: 98 | AA58: 98 | AC58: =X58*AB58 -> 0 | AD58: =IF(Y58<>"",IF(AND($AC$25>=200000,AB58>=20),AB58*AA58,IF(AND($AC$25>=200000,AB58<20),AB58*Z58,IF(AND($AC$25<200000,AB58>=20),AB58*Y58,AB58*X58))),IF($AC$25>=200000,AB58*Z58,AB58*X58)) -> 0 | AE58: Выдача октябрь-ноябрь 2026 | AI58: =IF(AB58/W58=0,"",IF(MOD(AB58,W58)>0,"ОШИБКА!!! неверная кратность на сорт",""))
G59: 125 | L59: руб | M59: ОКС_ Гортензии | N59: Гортензия метельчатая | O59: Hydrangea paniculata | P59: Little quick fire | Q59: BR 0+1+1 3-4 tak | V59: RUS | W59: 25 | X59: 135 | Y59: 115 | Z59: 115 | AA59: 115 | AC59: =X59*AB59 -> 0 | AD59: =IF(Y59<>"",IF(AND($AC$25>=200000,AB59>=20),AB59*AA59,IF(AND($AC$25>=200000,AB59<20),AB59*Z59,IF(AND($AC$25<200000,AB59>=20),AB59*Y59,AB59*X59))),IF($AC$25>=200000,AB59*Z59,AB59*X59)) -> 0 | AE59: Выдача октябрь-ноябрь 2026 | AI59: =IF(AB59/W59=0,"",IF(MOD(AB59,W59)>0,"ОШИБКА!!! неверная кратность на сорт",""))
G60: 63 | L60: руб | M60: ОКС_ Гортензии | N60: Гортензия метельчатая | O60: Hydrangea paniculata | P60: Little quick fire | Q60: BR 0+1+1 5-6 tak | V60: RUS | W60: 25 | X60: 141 | Y60: 120 | Z60: 120 | AA60: 120 | AC60: =X60*AB60 -> 0 | AD60: =IF(Y60<>"",IF(AND($AC$25>=200000,AB60>=20),AB60*AA60,IF(AND($AC$25>=200000,AB60<20),AB60*Z60,IF(AND($AC$25<200000,AB60>=20),AB60*Y60,AB60*X60))),IF($AC$25>=200000,AB60*Z60,AB60*X60)) -> 0 | AE60: Выдача октябрь-ноябрь 2026 | AI60: =IF(AB60/W60=0,"",IF(MOD(AB60,W60)>0,"ОШИБКА!!! неверная кратность на сорт",""))
C61: 46-38-15991 | G61: 22 | L61: руб | M61: ОКС_ Гортензии | N61: Гортензия метельчатая | O61: Hydrangea paniculata | P61: Little Rosy | Q61: BR 0+1+1 1-2 tak | V61: RUS | W61: 25 | X61: 115 | Y61: 98 | Z61: 98 | AA61: 98 | AC61: =X61*AB61 -> 0 | AD61: =IF(Y61<>"",IF(AND($AC$25>=200000,AB61>=20),AB61*AA61,IF(AND($AC$25>=200000,AB61<20),AB61*Z61,IF(AND($AC$25<200000,AB61>=20),AB61*Y61,AB61*X61))),IF($AC$25>=200000,AB61*Z61,AB61*X61)) -> 0 | AE61: Выдача октябрь-ноябрь 2026 | AI61: =IF(AB61/W61=0,"",IF(MOD(AB61,W61)>0,"ОШИБКА!!! неверная кратность на сорт",""))
G62: 45 | L62: руб | M62: ОКС_ Гортензии | N62: Гортензия метельчатая | O62: Hydrangea paniculata | P62: Little Rosy | Q62: BR 0+1+1 3-4 tak | V62: RUS | W62: 25 | X62: 135 | Y62: 115 | Z62: 115 | AA62: 115 | AC62: =X62*AB62 -> 0 | AD62: =IF(Y62<>"",IF(AND($AC$25>=200000,AB62>=20),AB62*AA62,IF(AND($AC$25>=200000,AB62<20),AB62*Z62,IF(AND($AC$25<200000,AB62>=20),AB62*Y62,AB62*X62))),IF($AC$25>=200000,AB62*Z62,AB62*X62)) -> 0 | AE62: Выдача октябрь-ноябрь 2026 | AI62: =IF(AB62/W62=0,"",IF(MOD(AB62,W62)>0,"ОШИБКА!!! неверная кратность на сорт",""))
G63: 22 | L63: руб | M63: ОКС_ Гортензии | N63: Гортензия метельчатая | O63: Hydrangea paniculata | P63: Little Rosy | Q63: BR 0+1+1 5-6 tak | V63: RUS | W63: 25 | X63: 141 | Y63: 120 | Z63: 120 | AA63: 120 | AC63: =X63*AB63 -> 0 | AD63: =IF(Y63<>"",IF(AND($AC$25>=200000,AB63>=20),AB63*AA63,IF(AND($AC$25>=200000,AB63<20),AB63*Z63,IF(AND($AC$25<200000,AB63>=20),AB63*Y63,AB63*X63))),IF($AC$25>=200000,AB63*Z63,AB63*X63)) -> 0 | AE63: Выдача октябрь-ноябрь 2026 | AI63: =IF(AB63/W63=0,"",IF(MOD(AB63,W63)>0,"ОШИБКА!!! неверная кратность на сорт",""))
C64: 46-38-15103 | G64: 126 | L64: руб | M64: ОКС_ Гортензии | N64: Гортензия метельчатая | O64: Hydrangea paniculata | P64: Magical Starlight | Q64: BR 0+1+1 1-2 tak | V64: RUS | W64: 25 | X64: 115 | Y64: 98 | Z64: 98 | AA64: 98 | AC64: =X64*AB64 -> 0 | AD64: =IF(Y64<>"",IF(AND($AC$25>=200000,AB64>=20),AB64*AA64,IF(AND($AC$25>=200000,AB64<20),AB64*Z64,IF(AND($AC$25<200000,AB64>=20),AB64*Y64,AB64*X64))),IF($AC$25>=200000,AB64*Z64,AB64*X64)) -> 0 | AE64: Выдача октябрь-ноябрь 2026 | AI64: =IF(AB64/W64=0,"",IF(MOD(AB64,W64)>0,"ОШИБКА!!! неверная кратность на сорт",""))
G65: 252 | L65: руб | M65: ОКС_ Гортензии | N65: Гортензия метельчатая | O65: Hydrangea paniculata | P65: Magical Starlight | Q65: BR 0+1+1 3-4 tak | V65: RUS | W65: 25 | X65: 135 | Y65: 115 | Z65: 115 | AA65: 115 | AC65: =X65*AB65 -> 0 | AD65: =IF(Y65<>"",IF(AND($AC$25>=200000,AB65>=20),AB65*AA65,IF(AND($AC$25>=200000,AB65<20),AB65*Z65,IF(AND($AC$25<200000,AB65>=20),AB65*Y65,AB65*X65))),IF($AC$25>=200000,AB65*Z65,AB65*X65)) -> 0 | AE65: Выдача октябрь-ноябрь 2026 | AI65: =IF(AB65/W65=0,"",IF(MOD(AB65,W65)>0,"ОШИБКА!!! неверная кратность на сорт",""))
C66: 46-38-15428 | G66: 126 | L66: руб | M66: ОКС_ Гортензии | N66: Гортензия метельчатая | O66: Hydrangea paniculata | P66: Magical Starlight | Q66: BR 0+1+1 5-6 tak | V66: RUS | W66: 25 | X66: 141 | Y66: 120 | Z66: 120 | AA66: 120 | AC66: =X66*AB66 -> 0 | AD66: =IF(Y66<>"",IF(AND($AC$25>=200000,AB66>=20),AB66*AA66,IF(AND($AC$25>=200000,AB66<20),AB66*Z66,IF(AND($AC$25<200000,AB66>=20),AB66*Y66,AB66*X66))),IF($AC$25>=200000,AB66*Z66,AB66*X66)) -> 0 | AE66: Выдача октябрь-ноябрь 2026 | AI66: =IF(AB66/W66=0,"",IF(MOD(AB66,W66)>0,"ОШИБКА!!! неверная кратность на сорт",""))
G67: 250 | L67: руб | M67: ОКС_ Гортензии | N67: Гортензия метельчатая | O67: Hydrangea paniculata | P67: Metallica | Q67: BR 0+1+1 1-2 tak | V67: RUS | W67: 25 | X67: 115 | Y67: 98 | Z67: 98 | AA67: 98 | AC67: =X67*AB67 -> 0 | AD67: =IF(Y67<>"",IF(AND($AC$25>=200000,AB67>=20),AB67*AA67,IF(AND($AC$25>=200000,AB67<20),AB67*Z67,IF(AND($AC$25<200000,AB67>=20),AB67*Y67,AB67*X67))),IF($AC$25>=200000,AB67*Z67,AB67*X67)) -> 0 | AE67: Выдача октябрь-ноябрь 2026 | AI67: =IF(AB67/W67=0,"",IF(MOD(AB67,W67)>0,"ОШИБКА!!! неверная кратность на сорт",""))
C68: 46-38-16110 | G68: 500 | L68: руб | M68: ОКС_ Гортензии | N68: Гортензия метельчатая | O68: Hydrangea paniculata | P68: Metallica | Q68: BR 0+1+1 3-4 tak | V68: RUS | W68: 25 | X68: 135 | Y68: 115 | Z68: 115 | AA68: 115 | AC68: =X68*AB68 -> 0 | AD68: =IF(Y68<>"",IF(AND($AC$25>=200000,AB68>=20),AB68*AA68,IF(AND($AC$25>=200000,AB68<20),AB68*Z68,IF(AND($AC$25<200000,AB68>=20),AB68*Y68,AB68*X68))),IF($AC$25>=200000,AB68*Z68,AB68*X68)) -> 0 | AE68: Выдача октябрь-ноябрь 2026 | AI68: =IF(AB68/W68=0,"",IF(MOD(AB68,W68)>0,"ОШИБКА!!! неверная кратность на сорт",""))
G69: 250 | L69: руб | M69: ОКС_ Гортензии | N69: Гортензия метельчатая | O69: Hydrangea paniculata | P69: Metallica | Q69: BR 0+1+1 5-6 tak | V69: RUS | W69: 25 | X69: 141 | Y69: 120 | Z69: 120 | AA69: 120 | AC69: =X69*AB69 -> 0 | AD69: =IF(Y69<>"",IF(AND($AC$25>=200000,AB69>=20),AB69*AA69,IF(AND($AC$25>=200000,AB69<20),AB69*Z69,IF(AND($AC$25<200000,AB69>=20),AB69*Y69,AB69*X69))),IF($AC$25>=200000,AB69*Z69,AB69*X69)) -> 0 | AE69: Выдача октябрь-ноябрь 2026 | AI69: =IF(AB69/W69=0,"",IF(MOD(AB69,W69)>0,"ОШИБКА!!! неверная кратность на сорт",""))
C70: 46-38-16492 | G70: 48 | L70: руб | M70: ОКС_ Гортензии | N70: Гортензия метельчатая | O70: Hydrangea paniculata | P70: October Bride | Q70: BR 0+1+1 1-2 tak | V70: RUS | W70: 25 | X70: 115 | Y70: 98 | Z70: 98 | AA70: 98 | AC70: =X70*AB70 -> 0 | AD70: =IF(Y70<>"",IF(AND($AC$25>=200000,AB70>=20),AB70*AA70,IF(AND($AC$25>=200000,AB70<20),AB70*Z70,IF(AND($AC$25<200000,AB70>=20),AB70*Y70,AB70*X70))),IF($AC$25>=200000,AB70*Z70,AB70*X70)) -> 0 | AE70: Выдача октябрь-ноябрь 2026 | AI70: =IF(AB70/W70=0,"",IF(MOD(AB70,W70)>0,"ОШИБКА!!! неверная кратность на сорт",""))
C71: 46-38-11639 | G71: 96 | L71: руб | M71: ОКС_ Гортензии | N71: Гортензия метельчатая | O71: Hydrangea paniculata | P71: October Bride | Q71: BR 0+1+1 3-4 tak | V71: RUS | W71: 25 | X71: 135 | Y71: 115 | Z71: 115 | AA71: 115 | AC71: =X71*AB71 -> 0 | AD71: =IF(Y71<>"",IF(AND($AC$25>=200000,AB71>=20),AB71*AA71,IF(AND($AC$25>=200000,AB71<20),AB71*Z71,IF(AND($AC$25<200000,AB71>=20),AB71*Y71,AB71*X71))),IF($AC$25>=200000,AB71*Z71,AB71*X71)) -> 0 | AE71: Выдача октябрь-ноябрь 2026 | AI71: =IF(AB71/W71=0,"",IF(MOD(AB71,W71)>0,"ОШИБКА!!! неверная кратность на сорт",""))
G72: 48 | L72: руб | M72: ОКС_ Гортензии | N72: Гортензия метельчатая | O72: Hydrangea paniculata | P72: October Bride | Q72: BR 0+1+1 5-6 tak | V72: RUS | W72: 25 | X72: 141 | Y72: 120 | Z72: 120 | AA72: 120 | AC72: =X72*AB72 -> 0 | AD72: =IF(Y72<>"",IF(AND($AC$25>=200000,AB72>=20),AB72*AA72,IF(AND($AC$25>=200000,AB72<20),AB72*Z72,IF(AND($AC$25<200000,AB72>=20),AB72*Y72,AB72*X72))),IF($AC$25>=200000,AB72*Z72,AB72*X72)) -> 0 | AE72: Выдача октябрь-ноябрь 2026 | AI72: =IF(AB72/W72=0,"",IF(MOD(AB72,W72)>0,"ОШИБКА!!! неверная кратность на сорт",""))
C73: 46-38-10873 | G73: 19 | L73: руб | M73: ОКС_ Гортензии | N73: Гортензия метельчатая | O73: Hydrangea paniculata | P73: Polar Bear | Q73: BR 0+1+1 1-2 tak | V73: RUS | W73: 25 | X73: 115 | Y73: 98 | Z73: 98 | AA73: 98 | AC73: =X73*AB73 -> 0 | AD73: =IF(Y73<>"",IF(AND($AC$25>=200000,AB73>=20),AB73*AA73,IF(AND($AC$25>=200000,AB73<20),AB73*Z73,IF(AND($AC$25<200000,AB73>=20),AB73*Y73,AB73*X73))),IF($AC$25>=200000,AB73*Z73,AB73*X73)) -> 0 | AE73: Выдача октябрь-ноябрь 2026 | AI73: =IF(AB73/W73=0,"",IF(MOD(AB73,W73)>0,"ОШИБКА!!! неверная кратность на сорт",""))
G74: 37 | L74: руб | M74: ОКС_ Гортензии | N74: Гортензия метельчатая | O74: Hydrangea paniculata | P74: Polar Bear | Q74: BR 0+1+1 3-4 tak | V74: RUS | W74: 25 | X74: 135 | Y74: 115 | Z74: 115 | AA74: 115 | AC74: =X74*AB74 -> 0 | AD74: =IF(Y74<>"",IF(AND($AC$25>=200000,AB74>=20),AB74*AA74,IF(AND($AC$25>=200000,AB74<20),AB74*Z74,IF(AND($AC$25<200000,AB74>=20),AB74*Y74,AB74*X74))),IF($AC$25>=200000,AB74*Z74,AB74*X74)) -> 0 | AE74: Выдача октябрь-ноябрь 2026 | AI74: =IF(AB74/W74=0,"",IF(MOD(AB74,W74)>0,"ОШИБКА!!! неверная кратность на сорт",""))
G75: 19 | L75: руб | M75: ОКС_ Гортензии | N75: Гортензия метельчатая | O75: Hydrangea paniculata | P75: Polar Bear | Q75: BR 0+1+1 5-6 tak | V75: RUS | W75: 25 | X75: 141 | Y75: 120 | Z75: 120 | AA75: 120 | AC75: =X75*AB75 -> 0 | AD75: =IF(Y75<>"",IF(AND($AC$25>=200000,AB75>=20),AB75*AA75,IF(AND($AC$25>=200000,AB75<20),AB75*Z75,IF(AND($AC$25<200000,AB75>=20),AB75*Y75,AB75*X75))),IF($AC$25>=200000,AB75*Z75,AB75*X75)) -> 0 | AE75: Выдача октябрь-ноябрь 2026 | AI75: =IF(AB75/W75=0,"",IF(MOD(AB75,W75)>0,"ОШИБКА!!! неверная кратность на сорт",""))
C76: 46-38-15094 | G76: 15 | L76: руб | M76: ОКС_ Гортензии | N76: Гортензия метельчатая | O76: Hydrangea paniculata | P76: Prim's Red | Q76: BR 0+1+1 1-2 tak | V76: RUS | W76: 25 | X76: 115 | Y76: 98 | Z76: 98 | AA76: 98 | AC76: =X76*AB76 -> 0 | AD76: =IF(Y76<>"",IF(AND($AC$25>=200000,AB76>=20),AB76*AA76,IF(AND($AC$25>=200000,AB76<20),AB76*Z76,IF(AND($AC$25<200000,AB76>=20),AB76*Y76,AB76*X76))),IF($AC$25>=200000,AB76*Z76,AB76*X76)) -> 0 | AE76: Выдача октябрь-ноябрь 2026 | AI76: =IF(AB76/W76=0,"",IF(MOD(AB76,W76)>0,"ОШИБКА!!! неверная кратность на сорт",""))
G77: 29 | L77: руб | M77: ОКС_ Гортензии | N77: Гортензия метельчатая | O77: Hydrangea paniculata | P77: Prim's Red | Q77: BR 0+1+1 3-4 tak | V77: RUS | W77: 25 | X77: 135 | Y77: 115 | Z77: 115 | AA77: 115 | AC77: =X77*AB77 -> 0 | AD77: =IF(Y77<>"",IF(AND($AC$25>=200000,AB77>=20),AB77*AA77,IF(AND($AC$25>=200000,AB77<20),AB77*Z77,IF(AND($AC$25<200000,AB77>=20),AB77*Y77,AB77*X77))),IF($AC$25>=200000,AB77*Z77,AB77*X77)) -> 0 | AE77: Выдача октябрь-ноябрь 2026 | AI77: =IF(AB77/W77=0,"",IF(MOD(AB77,W77)>0,"ОШИБКА!!! неверная кратность на сорт",""))
G78: 15 | L78: руб | M78: ОКС_ Гортензии | N78: Гортензия метельчатая | O78: Hydrangea paniculata | P78: Prim's Red | Q78: BR 0+1+1 5-6 tak | V78: RUS | W78: 25 | X78: 141 | Y78: 120 | Z78: 120 | AA78: 120 | AC78: =X78*AB78 -> 0 | AD78: =IF(Y78<>"",IF(AND($AC$25>=200000,AB78>=20),AB78*AA78,IF(AND($AC$25>=200000,AB78<20),AB78*Z78,IF(AND($AC$25<200000,AB78>=20),AB78*Y78,AB78*X78))),IF($AC$25>=200000,AB78*Z78,AB78*X78)) -> 0 | AE78: Выдача октябрь-ноябрь 2026 | AI78: =IF(AB78/W78=0,"",IF(MOD(AB78,W78)>0,"ОШИБКА!!! неверная кратность на сорт",""))
C79: 46-38-15990 | G79: 10 | L79: руб | M79: ОКС_ Гортензии | N79: Гортензия метельчатая | O79: Hydrangea paniculata | P79: Raspberry pink | Q79: BR 0+1+1 1-2 tak | V79: RUS | W79: 25 | X79: 115 | Y79: 98 | Z79: 98 | AA79: 98 | AC79: =X79*AB79 -> 0 | AD79: =IF(Y79<>"",IF(AND($AC$25>=200000,AB79>=20),AB79*AA79,IF(AND($AC$25>=200000,AB79<20),AB79*Z79,IF(AND($AC$25<200000,AB79>=20),AB79*Y79,AB79*X79))),IF($AC$25>=200000,AB79*Z79,AB79*X79)) -> 0 | AE79: Выдача октябрь-ноябрь 2026 | AI79: =IF(AB79/W79=0,"",IF(MOD(AB79,W79)>0,"ОШИБКА!!! неверная кратность на сорт",""))
G80: 19 | L80: руб | M80: ОКС_ Гортензии | N80: Гортензия метельчатая | O80: Hydrangea paniculata | P80: Raspberry pink | Q80: BR 0+1+1 3-4 tak | V80: RUS | W80: 25 | X80: 135 | Y80: 115 | Z80: 115 | AA80: 115 | AC80: =X80*AB80 -> 0 | AD80: =IF(Y80<>"",IF(AND($AC$25>=200000,AB80>=20),AB80*AA80,IF(AND($AC$25>=200000,AB80<20),AB80*Z80,IF(AND($AC$25<200000,AB80>=20),AB80*Y80,AB80*X80))),IF($AC$25>=200000,AB80*Z80,AB80*X80)) -> 0 | AE80: Выдача октябрь-ноябрь 2026 | AI80: =IF(AB80/W80=0,"",IF(MOD(AB80,W80)>0,"ОШИБКА!!! неверная кратность на сорт",""))
G81: 10 | L81: руб | M81: ОКС_ Гортензии | N81: Гортензия метельчатая | O81: Hydrangea paniculata | P81: Raspberry pink | Q81: BR 0+1+1 5-6 tak | V81: RUS | W81: 25 | X81: 141 | Y81: 120 | Z81: 120 | AA81: 120 | AC81: =X81*AB81 -> 0 | AD81: =IF(Y81<>"",IF(AND($AC$25>=200000,AB81>=20),AB81*AA81,IF(AND($AC$25>=200000,AB81<20),AB81*Z81,IF(AND($AC$25<200000,AB81>=20),AB81*Y81,AB81*X81))),IF($AC$25>=200000,AB81*Z81,AB81*X81)) -> 0 | AE81: Выдача октябрь-ноябрь 2026 | AI81: =IF(AB81/W81=0,"",IF(MOD(AB81,W81)>0,"ОШИБКА!!! неверная кратность на сорт",""))
C82: 46-38-14794 | G82: 548 | L82: руб | M82: ОКС_ Гортензии | N82: Гортензия метельчатая | O82: Hydrangea paniculata | P82: Samarskya Lydia | Q82: BR 0+1+1 1-2 tak | V82: RUS | W82: 25 | X82: 115 | Y82: 98 | Z82: 98 | AA82: 98 | AC82: =X82*AB82 -> 0 | AD82: =IF(Y82<>"",IF(AND($AC$25>=200000,AB82>=20),AB82*AA82,IF(AND($AC$25>=200000,AB82<20),AB82*Z82,IF(AND($AC$25<200000,AB82>=20),AB82*Y82,AB82*X82))),IF($AC$25>=200000,AB82*Z82,AB82*X82)) -> 0 | AE82: Выдача октябрь-ноябрь 2026 | AI82: =IF(AB82/W82=0,"",IF(MOD(AB82,W82)>0,"ОШИБКА!!! неверная кратность на сорт",""))
G83: 1096 | L83: руб | M83: ОКС_ Гортензии | N83: Гортензия метельчатая | O83: Hydrangea paniculata | P83: Samarskya Lydia | Q83: BR 0+1+1 3-4 tak | V83: RUS | W83: 25 | X83: 135 | Y83: 115 | Z83: 115 | AA83: 115 | AC83: =X83*AB83 -> 0 | AD83: =IF(Y83<>"",IF(AND($AC$25>=200000,AB83>=20),AB83*AA83,IF(AND($AC$25>=200000,AB83<20),AB83*Z83,IF(AND($AC$25<200000,AB83>=20),AB83*Y83,AB83*X83))),IF($AC$25>=200000,AB83*Z83,AB83*X83)) -> 0 | AE83: Выдача октябрь-ноябрь 2026 | AI83: =IF(AB83/W83=0,"",IF(MOD(AB83,W83)>0,"ОШИБКА!!! неверная кратность на сорт",""))
G84: 548 | L84: руб | M84: ОКС_ Гортензии | N84: Гортензия метельчатая | O84: Hydrangea paniculata | P84: Samarskya Lydia | Q84: BR 0+1+1 5-6 tak | V84: RUS | W84: 25 | X84: 141 | Y84: 120 | Z84: 120 | AA84: 120 | AC84: =X84*AB84 -> 0 | AD84: =IF(Y84<>"",IF(AND($AC$25>=200000,AB84>=20),AB84*AA84,IF(AND($AC$25>=200000,AB84<20),AB84*Z84,IF(AND($AC$25<200000,AB84>=20),AB84*Y84,AB84*X84))),IF($AC$25>=200000,AB84*Z84,AB84*X84)) -> 0 | AE84: Выдача октябрь-ноябрь 2026 | AI84: =IF(AB84/W84=0,"",IF(MOD(AB84,W84)>0,"ОШИБКА!!! неверная кратность на сорт",""))
C85: 46-38-15513 | G85: 32 | L85: руб | M85: ОКС_ Гортензии | N85: Гортензия метельчатая | O85: Hydrangea paniculata | P85: Selection | Q85: BR 0+1+1 2 tak | V85: RUS | W85: 25 | X85: 115 | Y85: 98 | Z85: 98 | AA85: 98 | AC85: =X85*AB85 -> 0 | AD85: =IF(Y85<>"",IF(AND($AC$25>=200000,AB85>=20),AB85*AA85,IF(AND($AC$25>=200000,AB85<20),AB85*Z85,IF(AND($AC$25<200000,AB85>=20),AB85*Y85,AB85*X85))),IF($AC$25>=200000,AB85*Z85,AB85*X85)) -> 0 | AE85: Выдача октябрь-ноябрь 2026 | AI85: =IF(AB85/W85=0,"",IF(MOD(AB85,W85)>0,"ОШИБКА!!! неверная кратность на сорт",""))
G86: 64 | L86: руб | M86: ОКС_ Гортензии | N86: Гортензия метельчатая | O86: Hydrangea paniculata | P86: Selection | Q86: BR 0+1+1 3-4 tak | V86: RUS | W86: 25 | X86: 135 | Y86: 115 | Z86: 115 | AA86: 115 | AC86: =X86*AB86 -> 0 | AD86: =IF(Y86<>"",IF(AND($AC$25>=200000,AB86>=20),AB86*AA86,IF(AND($AC$25>=200000,AB86<20),AB86*Z86,IF(AND($AC$25<200000,AB86>=20),AB86*Y86,AB86*X86))),IF($AC$25>=200000,AB86*Z86,AB86*X86)) -> 0 | AE86: Выдача октябрь-ноябрь 2026 | AI86: =IF(AB86/W86=0,"",IF(MOD(AB86,W86)>0,"ОШИБКА!!! неверная кратность на сорт",""))
G87: 32 | L87: руб | M87: ОКС_ Гортензии | N87: Гортензия метельчатая | O87: Hydrangea paniculata | P87: Selection | Q87: BR 0+1+1 5-6 tak | V87: RUS | W87: 25 | X87: 141 | Y87: 120 | Z87: 120 | AA87: 120 | AC87: =X87*AB87 -> 0 | AD87: =IF(Y87<>"",IF(AND($AC$25>=200000,AB87>=20),AB87*AA87,IF(AND($AC$25>=200000,AB87<20),AB87*Z87,IF(AND($AC$25<200000,AB87>=20),AB87*Y87,AB87*X87))),IF($AC$25>=200000,AB87*Z87,AB87*X87)) -> 0 | AE87: Выдача октябрь-ноябрь 2026 | AI87: =IF(AB87/W87=0,"",IF(MOD(AB87,W87)>0,"ОШИБКА!!! неверная кратность на сорт",""))
C88: 46-38-14601 | G88: 18 | L88: руб | M88: ОКС_ Гортензии | N88: Гортензия метельчатая | O88: Hydrangea paniculata | P88: Summer snow | Q88: BR 0+1+1 1-2 tak | V88: RUS | W88: 25 | X88: 115 | Y88: 98 | Z88: 98 | AA88: 98 | AC88: =X88*AB88 -> 0 | AD88: =IF(Y88<>"",IF(AND($AC$25>=200000,AB88>=20),AB88*AA88,IF(AND($AC$25>=200000,AB88<20),AB88*Z88,IF(AND($AC$25<200000,AB88>=20),AB88*Y88,AB88*X88))),IF($AC$25>=200000,AB88*Z88,AB88*X88)) -> 0 | AE88: Выдача октябрь-ноябрь 2026 | AI88: =IF(AB88/W88=0,"",IF(MOD(AB88,W88)>0,"ОШИБКА!!! неверная кратность на сорт",""))
G89: 35 | L89: руб | M89: ОКС_ Гортензии | N89: Гортензия метельчатая | O89: Hydrangea paniculata | P89: Summer snow | Q89: BR 0+1+1 3-4 tak | V89: RUS | W89: 25 | X89: 135 | Y89: 115 | Z89: 115 | AA89: 115 | AC89: =X89*AB89 -> 0 | AD89: =IF(Y89<>"",IF(AND($AC$25>=200000,AB89>=20),AB89*AA89,IF(AND($AC$25>=200000,AB89<20),AB89*Z89,IF(AND($AC$25<200000,AB89>=20),AB89*Y89,AB89*X89))),IF($AC$25>=200000,AB89*Z89,AB89*X89)) -> 0 | AE89: Выдача октябрь-ноябрь 2026 | AI89: =IF(AB89/W89=0,"",IF(MOD(AB89,W89)>0,"ОШИБКА!!! неверная кратность на сорт",""))
G90: 18 | L90: руб | M90: ОКС_ Гортензии | N90: Гортензия метельчатая | O90: Hydrangea paniculata | P90: Summer snow | Q90: BR 0+1+1 5-6 tak | V90: RUS | W90: 25 | X90: 141 | Y90: 120 | Z90: 120 | AA90: 120 | AC90: =X90*AB90 -> 0 | AD90: =IF(Y90<>"",IF(AND($AC$25>=200000,AB90>=20),AB90*AA90,IF(AND($AC$25>=200000,AB90<20),AB90*Z90,IF(AND($AC$25<200000,AB90>=20),AB90*Y90,AB90*X90))),IF($AC$25>=200000,AB90*Z90,AB90*X90)) -> 0 | AE90: Выдача октябрь-ноябрь 2026 | AI90: =IF(AB90/W90=0,"",IF(MOD(AB90,W90)>0,"ОШИБКА!!! неверная кратность на сорт",""))
C91: 46-38-12093 | G91: 130 | L91: руб | M91: ОКС_ Гортензии | N91: Гортензия метельчатая | O91: Hydrangea paniculata | P91: Sundae Fraise | Q91: BR 0+1+1 1-2 tak | V91: RUS | W91: 25 | X91: 115 | Y91: 98 | Z91: 98 | AA91: 98 | AC91: =X91*AB91 -> 0 | AD91: =IF(Y91<>"",IF(AND($AC$25>=200000,AB91>=20),AB91*AA91,IF(AND($AC$25>=200000,AB91<20),AB91*Z91,IF(AND($AC$25<200000,AB91>=20),AB91*Y91,AB91*X91))),IF($AC$25>=200000,AB91*Z91,AB91*X91)) -> 0 | AE91: Выдача октябрь-ноябрь 2026 | AI91: =IF(AB91/W91=0,"",IF(MOD(AB91,W91)>0,"ОШИБКА!!! неверная кратность на сорт",""))
G92: 259 | L92: руб | M92: ОКС_ Гортензии | N92: Гортензия метельчатая | O92: Hydrangea paniculata | P92: Sundae Fraise | Q92: BR 0+1+1 3-4 tak | V92: RUS | W92: 25 | X92: 135 | Y92: 115 | Z92: 115 | AA92: 115 | AC92: =X92*AB92 -> 0 | AD92: =IF(Y92<>"",IF(AND($AC$25>=200000,AB92>=20),AB92*AA92,IF(AND($AC$25>=200000,AB92<20),AB92*Z92,IF(AND($AC$25<200000,AB92>=20),AB92*Y92,AB92*X92))),IF($AC$25>=200000,AB92*Z92,AB92*X92)) -> 0 | AE92: Выдача октябрь-ноябрь 2026 | AI92: =IF(AB92/W92=0,"",IF(MOD(AB92,W92)>0,"ОШИБКА!!! неверная кратность на сорт",""))
G93: 130 | L93: руб | M93: ОКС_ Гортензии | N93: Гортензия метельчатая | O93: Hydrangea paniculata | P93: Sundae Fraise | Q93: BR 0+1+1 5-6 tak | V93: RUS | W93: 25 | X93: 141 | Y93: 120 | Z93: 120 | AA93: 120 | AC93: =X93*AB93 -> 0 | AD93: =IF(Y93<>"",IF(AND($AC$25>=200000,AB93>=20),AB93*AA93,IF(AND($AC$25>=200000,AB93<20),AB93*Z93,IF(AND($AC$25<200000,AB93>=20),AB93*Y93,AB93*X93))),IF($AC$25>=200000,AB93*Z93,AB93*X93)) -> 0 | AE93: Выдача октябрь-ноябрь 2026 | AI93: =IF(AB93/W93=0,"",IF(MOD(AB93,W93)>0,"ОШИБКА!!! неверная кратность на сорт",""))
C94: 46-38-10968 | G94: 79 | L94: руб | M94: ОКС_ Гортензии | N94: Гортензия метельчатая | O94: Hydrangea paniculata | P94: Tardiva | Q94: BR 0+1+1 1-2 tak | V94: RUS | W94: 25 | X94: 115 | Y94: 98 | Z94: 98 | AA94: 98 | AC94: =X94*AB94 -> 0 | AD94: =IF(Y94<>"",IF(AND($AC$25>=200000,AB94>=20),AB94*AA94,IF(AND($AC$25>=200000,AB94<20),AB94*Z94,IF(AND($AC$25<200000,AB94>=20),AB94*Y94,AB94*X94))),IF($AC$25>=200000,AB94*Z94,AB94*X94)) -> 0 | AE94: Выдача октябрь-ноябрь 2026 | AI94: =IF(AB94/W94=0,"",IF(MOD(AB94,W94)>0,"ОШИБКА!!! неверная кратность на сорт",""))
G95: 159 | L95: руб | M95: ОКС_ Гортензии | N95: Гортензия метельчатая | O95: Hydrangea paniculata | P95: Tardiva | Q95: BR 0+1+1 3-4 tak | V95: RUS | W95: 25 | X95: 135 | Y95: 115 | Z95: 115 | AA95: 115 | AC95: =X95*AB95 -> 0 | AD95: =IF(Y95<>"",IF(AND($AC$25>=200000,AB95>=20),AB95*AA95,IF(AND($AC$25>=200000,AB95<20),AB95*Z95,IF(AND($AC$25<200000,AB95>=20),AB95*Y95,AB95*X95))),IF($AC$25>=200000,AB95*Z95,AB95*X95)) -> 0 | AE95: Выдача октябрь-ноябрь 2026 | AI95: =IF(AB95/W95=0,"",IF(MOD(AB95,W95)>0,"ОШИБКА!!! неверная кратность на сорт",""))
G96: 79 | L96: руб | M96: ОКС_ Гортензии | N96: Гортензия метельчатая | O96: Hydrangea paniculata | P96: Tardiva | Q96: BR 0+1+1 5-6 tak | V96: RUS | W96: 25 | X96: 141 | Y96: 120 | Z96: 120 | AA96: 120 | AC96: =X96*AB96 -> 0 | AD96: =IF(Y96<>"",IF(AND($AC$25>=200000,AB96>=20),AB96*AA96,IF(AND($AC$25>=200000,AB96<20),AB96*Z96,IF(AND($AC$25<200000,AB96>=20),AB96*Y96,AB96*X96))),IF($AC$25>=200000,AB96*Z96,AB96*X96)) -> 0 | AE96: Выдача октябрь-ноябрь 2026 | AI96: =IF(AB96/W96=0,"",IF(MOD(AB96,W96)>0,"ОШИБКА!!! неверная кратность на сорт",""))
C97: 46-38-14606 | G97: 47 | L97: руб | M97: ОКС_ Гортензии | N97: Гортензия метельчатая | O97: Hydrangea paniculata | P97: Touch of pink | Q97: BR 0+1+1 1-2 tak | V97: RUS | W97: 25 | X97: 115 | Y97: 98 | Z97: 98 | AA97: 98 | AC97: =X97*AB97 -> 0 | AD97: =IF(Y97<>"",IF(AND($AC$25>=200000,AB97>=20),AB97*AA97,IF(AND($AC$25>=200000,AB97<20),AB97*Z97,IF(AND($AC$25<200000,AB97>=20),AB97*Y97,AB97*X97))),IF($AC$25>=200000,AB97*Z97,AB97*X97)) -> 0 | AE97: Выдача октябрь-ноябрь 2026 | AI97: =IF(AB97/W97=0,"",IF(MOD(AB97,W97)>0,"ОШИБКА!!! неверная кратность на сорт",""))
G98: 94 | L98: руб | M98: ОКС_ Гортензии | N98: Гортензия метельчатая | O98: Hydrangea paniculata | P98: Touch of pink | Q98: BR 0+1+1 3-4 tak | V98: RUS | W98: 25 | X98: 135 | Y98: 115 | Z98: 115 | AA98: 115 | AC98: =X98*AB98 -> 0 | AD98: =IF(Y98<>"",IF(AND($AC$25>=200000,AB98>=20),AB98*AA98,IF(AND($AC$25>=200000,AB98<20),AB98*Z98,IF(AND($AC$25<200000,AB98>=20),AB98*Y98,AB98*X98))),IF($AC$25>=200000,AB98*Z98,AB98*X98)) -> 0 | AE98: Выдача октябрь-ноябрь 2026 | AI98: =IF(AB98/W98=0,"",IF(MOD(AB98,W98)>0,"ОШИБКА!!! неверная кратность на сорт",""))
G99: 47 | L99: руб | M99: ОКС_ Гортензии | N99: Гортензия метельчатая | O99: Hydrangea paniculata | P99: Touch of pink | Q99: BR 0+1+1 5-6 tak | V99: RUS | W99: 25 | X99: 141 | Y99: 120 | Z99: 120 | AA99: 120 | AC99: =X99*AB99 -> 0 | AD99: =IF(Y99<>"",IF(AND($AC$25>=200000,AB99>=20),AB99*AA99,IF(AND($AC$25>=200000,AB99<20),AB99*Z99,IF(AND($AC$25<200000,AB99>=20),AB99*Y99,AB99*X99))),IF($AC$25>=200000,AB99*Z99,AB99*X99)) -> 0 | AE99: Выдача октябрь-ноябрь 2026 | AI99: =IF(AB99/W99=0,"",IF(MOD(AB99,W99)>0,"ОШИБКА!!! неверная кратность на сорт",""))
C100: 46-38-10842 | G100: 746 | L100: руб | M100: ОКС_ Гортензии | N100: Гортензия метельчатая | O100: Hydrangea paniculata | P100: Vanille Fraise | Q100: BR 0+1+1 1-2 tak | V100: RUS | W100: 25 | X100: 115 | Y100: 98 | Z100: 98 | AA100: 98 | AC100: =X100*AB100 -> 0 | AD100: =IF(Y100<>"",IF(AND($AC$25>=200000,AB100>=20),AB100*AA100,IF(AND($AC$25>=200000,AB100<20),AB100*Z100,IF(AND($AC$25<200000,AB100>=20),AB100*Y100,AB100*X100))),IF($AC$25>=200000,AB100*Z100,AB100*X100)) -> 0 | AE100: Выдача октябрь-ноябрь 2026 | AI100: =IF(AB100/W100=0,"",IF(MOD(AB100,W100)>0,"ОШИБКА!!! неверная кратность на сорт",""))
G101: 1492 | L101: руб | M101: ОКС_ Гортензии | N101: Гортензия метельчатая | O101: Hydrangea paniculata | P101: Vanille Fraise | Q101: BR 0+1+1 3-4 tak | V101: RUS | W101: 25 | X101: 135 | Y101: 115 | Z101: 115 | AA101: 115 | AC101: =X101*AB101 -> 0 | AD101: =IF(Y101<>"",IF(AND($AC$25>=200000,AB101>=20),AB101*AA101,IF(AND($AC$25>=200000,AB101<20),AB101*Z101,IF(AND($AC$25<200000,AB101>=20),AB101*Y101,AB101*X101))),IF($AC$25>=200000,AB101*Z101,AB101*X101)) -> 0 | AE101: Выдача октябрь-ноябрь 2026 | AI101: =IF(AB101/W101=0,"",IF(MOD(AB101,W101)>0,"ОШИБКА!!! неверная кратность на сорт",""))
G102: 746 | L102: руб | M102: ОКС_ Гортензии | N102: Гортензия метельчатая | O102: Hydrangea paniculata | P102: Vanille Fraise | Q102: BR 0+1+1 5-6 tak | V102: RUS | W102: 25 | X102: 141 | Y102: 120 | Z102: 120 | AA102: 120 | AC102: =X102*AB102 -> 0 | AD102: =IF(Y102<>"",IF(AND($AC$25>=200000,AB102>=20),AB102*AA102,IF(AND($AC$25>=200000,AB102<20),AB102*Z102,IF(AND($AC$25<200000,AB102>=20),AB102*Y102,AB102*X102))),IF($AC$25>=200000,AB102*Z102,AB102*X102)) -> 0 | AE102: Выдача октябрь-ноябрь 2026 | AI102: =IF(AB102/W102=0,"",IF(MOD(AB102,W102)>0,"ОШИБКА!!! неверная кратность на сорт",""))
C103: 46-38-10840 | G103: 46 | L103: руб | M103: ОКС_ Гортензии | N103: Гортензия метельчатая | O103: Hydrangea paniculata | P103: Wim's Red | Q103: BR 0+1+1 1-2 tak | V103: RUS | W103: 25 | X103: 115 | Y103: 98 | Z103: 98 | AA103: 98 | AC103: =X103*AB103 -> 0 | AD103: =IF(Y103<>"",IF(AND($AC$25>=200000,AB103>=20),AB103*AA103,IF(AND($AC$25>=200000,AB103<20),AB103*Z103,IF(AND($AC$25<200000,AB103>=20),AB103*Y103,AB103*X103))),IF($AC$25>=200000,AB103*Z103,AB103*X103)) -> 0 | AE103: Выдача октябрь-ноябрь 2026 | AI103: =IF(AB103/W103=0,"",IF(MOD(AB103,W103)>0,"ОШИБКА!!! неверная кратность на сорт",""))
G104: 93 | L104: руб | M104: ОКС_ Гортензии | N104: Гортензия метельчатая | O104: Hydrangea paniculata | P104: Wim's Red | Q104: BR 0+1+1 3-4 tak | V104: RUS | W104: 25 | X104: 135 | Y104: 115 | Z104: 115 | AA104: 115 | AC104: =X104*AB104 -> 0 | AD104: =IF(Y104<>"",IF(AND($AC$25>=200000,AB104>=20),AB104*AA104,IF(AND($AC$25>=200000,AB104<20),AB104*Z104,IF(AND($AC$25<200000,AB104>=20),AB104*Y104,AB104*X104))),IF($AC$25>=200000,AB104*Z104,AB104*X104)) -> 0 | AE104: Выдача октябрь-ноябрь 2026 | AI104: =IF(AB104/W104=0,"",IF(MOD(AB104,W104)>0,"ОШИБКА!!! неверная кратность на сорт",""))
G105: 46 | L105: руб | M105: ОКС_ Гортензии | N105: Гортензия метельчатая | O105: Hydrangea paniculata | P105: Wim's Red | Q105: BR 0+1+1 5-6 tak | V105: RUS | W105: 25 | X105: 141 | Y105: 120 | Z105: 120 | AA105: 120 | AC105: =X105*AB105 -> 0 | AD105: =IF(Y105<>"",IF(AND($AC$25>=200000,AB105>=20),AB105*AA105,IF(AND($AC$25>=200000,AB105<20),AB105*Z105,IF(AND($AC$25<200000,AB105>=20),AB105*Y105,AB105*X105))),IF($AC$25>=200000,AB105*Z105,AB105*X105)) -> 0 | AE105: Выдача октябрь-ноябрь 2026 | AI105: =IF(AB105/W105=0,"",IF(MOD(AB105,W105)>0,"ОШИБКА!!! неверная кратность на сорт",""))
C106: * | M106: ОКС_ Многолетние растения
C107: 46-38-13972 | G107: 265 | L107: руб | M107: ОКС_ Многолетние растения | N107: Аквилегия/Водосбор/Орлики | O107: Aquilegia | P107: Nora Barlow | Q107: BR | V107: RUS | W107: 25 | X107: 87 | Y107: 84 | Z107: 79 | AA107: 75 | AC107: =X107*AB107 -> 0 | AD107: =IF(Y107<>"",IF(AND($AC$25>=200000,AB107>=20),AB107*AA107,IF(AND($AC$25>=200000,AB107<20),AB107*Z107,IF(AND($AC$25<200000,AB107>=20),AB107*Y107,AB107*X107))),IF($AC$25>=200000,AB107*Z107,AB107*X107)) -> 0 | AE107: Выдача октябрь-ноябрь 2026 | AI107: =IF(AB107/W107=0,"",IF(MOD(AB107,W107)>0,"ОШИБКА!!! неверная кратность на сорт",""))
...
